 Dungeon Crawl Stone Soup version 0.29-a0-923-g6e406bff71 (webtiles) character file.

Game seed: 1673176319283149432

1163268 ragingrage the Conqueror (level 27, -19/323 HPs)
             Began as an Ogre Fire Elementalist on July 26, 2022.
             Was the Champion of Vehumet.
             Killed from afar by a Hell Sentinel (41 damage)
             ... with damnation
             ... on level 4 of the Depths on July 27, 2022.
             The game lasted 06:47:49 (146101 turns).

ragingrage the Conqueror (Ogre Fire Elementalist) Turns: 146101, Time: 06:47:50

Health: -19/323    AC: 12    Str: 20      XL:     27
Magic:  11/64      EV: 16    Int: 40 (41) God:    Vehumet [******]
Gold:   7179       SH: 14    Dex: 11      Spells: 8/80 levels left

rFire   + + +      SeeInvis +   a - staff of conjuration
rCold   + + +      Faith    .   H - +2 shield of Resistance {rF++ rC++ Will++}
rNeg    + + +      Spirit   .   G - +5 faerie dragon scales {rPois rF+ rCorr}
rPois   ∞          Reflect  .   J - +3 hat of Pondering {ponderous, Will+ MP+10 Int+5}
rElec   +          Harm     .   s - +1 cloak of Starlight {*Dazzle EV+4 Stlth--}
rCorr   +          Rampage  .   (gloves unavailable)
Will    +++++      Clarity  +   (boots unavailable)
Stlth   +++.......              P - macabre finger necklace {rN+}
HPRegen 0.63/turn               S - ring "Keomer" {rElec rPois Int+6 Dex-5 Slay+5}
MPRegen 0.39/turn               g - ring "Wuitihav" {Int+6 Dex+3}
                                R - ring of Rextoisk {rCorr Dex+4 Slay+4 SInv}

@: lich-form, corroded, studying 2 skills, slow
A: draining attack, torment immunity, no potions, large, unfitting armour, tough
skin 1, clarity, clumsy 1, deterioration 1, sense surroundings 1, screaming 2,
subdued magic 1
}: 11/15 runes: barnacled, slimy, silver, golden, abyssal, demonic, glowing,
magical, fiery, dark, gossamer
a: End Transformation, Renounce Religion


You were on level 4 of the Depths.
You worshipped Vehumet.
Vehumet was exalted by your worship.
You were an undead lich.
You visited 15 branches of the dungeon, and saw 64 of its levels.
You visited Pandemonium 2 times, and saw 17 of its levels.
You visited the Abyss 2 times.
You visited 1 bazaar.
You visited 1 ziggurat, and saw 20 of its levels.
You also visited: Bailey and Gauntlet.

You collected 14064 gold pieces.
You spent 6885 gold pieces at shops.

Inventory:

Hand Weapons
 b - the +6 scimitar of Nightmares {holy, rN++ Will+ Str+2 Stlth+}
   (You bought it in a shop on level 4 of the Shoals)

   It has been blessed by the Shining One to cause great damage to the undead
   and demons.
   Str:       It affects your strength (+2).
   rN:        It greatly protects you from negative energy.
   Will:      It increases your willpower.
   Stlth:     It makes you more stealthy.
 h - a +9 broad axe of electrocution
 Z - the +7 war axe of the Well-Known Allies {holy, Int+6}
   (You took it off a minotaur on level 5 of the Vaults)

   It has been blessed by the Shining One to cause great damage to the undead
   and demons.
   Int:       It affects your intelligence (+6).
Missiles
 f - 22 silver javelins (quivered)
 w - 9 throwing nets
Armour
 s - the +1 cloak of Starlight (worn) {*Dazzle EV+4 Stlth--}
   (You bought it in a shop on level 7 of the Dungeon)

   It may blind those who miss an attack against the wearer in melee combat.
   EV:        It affects your evasion (+4).
   Stlth:     It makes you much less stealthy.
 G - the +5 faerie dragon scales (worn) {rPois rF+ rCorr}
   (You took it off the Enchantress on level 3 of the Depths)

   rF:        It protects you from fire.
   rPois:     It protects you from poison.
   rCorr:     It protects you from acid and corrosion.
 H - the +2 shield of Resistance (worn) {rF++ rC++ Will++}
   (You bought it in a shop in a bazaar)

   rF:        It greatly protects you from fire.
   rC:        It greatly protects you from cold.
   Will:      It greatly increases your willpower.
 J - the +3 hat of Pondering (worn) {ponderous, Will+ MP+10 Int+5}
   (You found it in a bailey)

   Int:       It affects your intelligence (+5).
   MP:        It affects your magic capacity (+10).
   Will:      It increases your willpower.
Magical Staves
 a - a staff of conjuration (weapon)
Jewellery
 g - the ring "Wuitihav" (right hand) {Int+6 Dex+3}
   (You found it in Pandemonium)

   [ring of intelligence]

   Int:       It affects your intelligence (+6).
   Dex:       It affects your dexterity (+3).
 p - the ring "Udi Xiof" {rElec rN+ Will+ Str+6}
   (You found it on level 19 of a ziggurat)

   [ring of strength]

   Str:       It affects your strength (+6).
   rElec:     It insulates you from electricity.
   rN:        It protects you from negative energy.
   Will:      It increases your willpower.
 z - the ring of Ketileg {rN+ rCorr Dex+2 Stlth+}
   (You found it in Pandemonium)

   [ring of resist corrosion]

   Dex:       It affects your dexterity (+2).
   rN:        It protects you from negative energy.
   rCorr:     It protects you from acid and corrosion.
   Stlth:     It makes you more stealthy.
 P - the macabre finger necklace (around neck) {rN+}
   (You took it off a rakshasa on level 1 of the Depths)

   [amulet of nothing]

   It enables you to equip an extra ring.
   rN:        It protects you from negative energy.
 R - the ring of Rextoisk (on amulet) {rCorr Dex+4 Slay+4 SInv}
   (You found it on level 5 of the Pits of Slime)

   [ring of resist corrosion]

   Dex:       It affects your dexterity (+4).
   Slay:      It affects your accuracy & damage with ranged weapons and melee
   (+4).
   SInv:      It lets you see invisible.
   rCorr:     It protects you from acid and corrosion.
 S - the ring "Keomer" (left hand) {rElec rPois Int+6 Dex-5 Slay+5}
   (You bought it in a shop on level 2 of the Orcish Mines)

   [ring of intelligence]

   Int:       It affects your intelligence (+6).
   Dex:       It affects your dexterity (-5).
   Slay:      It affects your accuracy & damage with ranged weapons and melee
   (+5).
   rElec:     It insulates you from electricity.
   rPois:     It protects you from poison.
Wands
 e - a wand of acid (40)
 m - a wand of digging (27)
 v - a wand of paralysis (43)
 M - a wand of polymorph (6)
 U - a wand of roots (38)
Scrolls
 d - 8 scrolls of blinking
 k - 12 scrolls of butterflies
 t - 6 scrolls of magic mapping
 u - 7 scrolls of enchant armour
 y - 3 scrolls of amnesia
 C - 12 scrolls of poison
 E - 36 scrolls of teleportation
 O - 12 scrolls of fear
 V - 3 scrolls of enchant weapon
 W - 4 scrolls of silence
Potions
 c - 5 potions of berserk rage
 i - 4 potions of invisibility
 j - 9 potions of magic
 l - 17 potions of mutation
 n - 4 potions of cancellation
 r - 6 potions of might
 x - 29 potions of curing
 A - 8 potions of brilliance
 B - 12 potions of attraction
 D - 13 potions of flight
 I - 23 potions of heal wounds
 L - 13 potions of ambrosia
 Q - 4 potions of resistance
 Y - 6 potions of haste
Miscellaneous
 o - a condenser vane (inert)
 F - a box of beasts (inert)
 N - a tin of tremorstones (2/2)
 T - a phantom mirror
 X - a figurine of a ziggurat


   Skills:
 O Level 27 Fighting
 - Level 15.0 Axes
 - Level 12.0 Staves
 - Level 16.0 Throwing
 - Level 16.0 Armour
 - Level 10.0 Dodging
 + Level 13.3 Stealth
 - Level 15.0 Shields
 O Level 27 Spellcasting
 O Level 27 Conjurations
 - Level 4.0 Hexes
 - Level 18.0 Necromancy
 - Level 3.0 Translocations
 - Level 16.0 Transmutations
 - Level 24.0 Fire Magic
 + Level 12.0 Ice Magic
 - Level 3.0 Air Magic
 - Level 13.0 Earth Magic
 - Level 13.0 Evocations


You had 8 spell levels left.
You knew the following spells:

 Your Spells              Type           Power      Damage    Failure   Level
a - Fire Storm            Conj/Fire      69%        8d18      1%          9
b - Lehudib's Crystal Sp  Conj/Erth      64%        10d15     1%          8
c - Swiftness             Air            56%        N/A       1%          3
d - Fireball              Conj/Fire      69%        3d26      0%          5
e - Orb of Destruction    Conj           71%        9d16      0%          7
f - Ignition              Fire           56%        3d15      1%          8
h - Necromutation         Tmut/Necr      60%        N/A       2%          8
i - Starburst             Conj/Fire      69%        6d18      0%          6
j - Blink                 Tloc           100%       N/A       1%          2
k - Yara's Violent Unrav  Hex/Tmut       40%        3d16      1%          5
l - Sublimation of Blood  Necr           100%       N/A       0%          2
m - Polar Vortex          Ice            43%        N/A       65%         9

Your spell library contained the following spells:

 Spells                   Type           Power      Damage    Failure   Level
 Chain Lightning          Conj/Air       58%        3d77      28%         9
 Shatter                  Erth           44%        3d34*     50%         9
 Beastly Appendage        Tmut           100%       N/A       0%          1
 Foxfire                  Conj/Fire      100%       2x1d9     0%          1
 Freeze                   Ice            100%       1d11      0%          1
 Magic Dart               Conj           100%       1d8       0%          1
 Necrotise                Necr           100%       1d9       0%          1
 Sandblast                Erth           100%       2d20      0%          1
 Shock                    Conj/Air       100%       1d9       0%          1
 Sting                    Tmut/Pois      100%       1d8       0%          1
 Ensorcelled Hibernation  Hex/Ice        100%       N/A       0%          2
 Passwall                 Tmut/Erth      76%        N/A       0%          2
 Scorch                   Fire           100%       2d10      0%          2
 Searing Ray              Conj           100%       2d8       0%          2
 Static Discharge         Conj/Air       100%       3-16/arc  0%          2
 Wereblood                Tmut           96%        N/A       0%          2
 Conjure Flame            Conj/Fire      100%       6-21      0%          3
 Dazzling Flash           Conj/Hex       100%       N/A       0%          3
 Frozen Ramparts          Ice            100%       1d12      0%          3
 Ignite Poison            Fire/Tmut/Pois 89%        N/A       0%          3
 Inner Flame              Hex/Fire       91%        N/A       0%          3
 Mephitic Cloud           Conj/Pois/Air  100%       N/A       0%          3
 Ozocubu's Armour         Ice            86%        N/A       0%          3
 Stone Arrow              Conj/Erth      100%       3d13      0%          3
 Vampiric Draining        Necr           100%       2d13      0%          3
 Animate Dead             Necr           100%       N/A       0%          4
 Dispel Undead            Necr           100%       3d31      0%          4
 Flame Wave               Conj/Fire      100%       2d21      0%          4
 Fulminant Prism          Conj/Hex       58%        3d25      0%          4
 Hailstorm                Conj/Ice       100%       3d20      0%          4
 Ice Form                 Ice/Tmut       91%        N/A       0%          4
 Iskenderun's Mystic Bla  Conj/Tloc      100%       2d19      0%          4
 Petrify                  Tmut/Erth      92%        N/A       0%          4
 Sticky Flame             Conj/Fire      100%       2d11      0%          4
 Agony                    Necr           100%       N/A       0%          5
 Blade Hands              Tmut           48%        N/A       0%          5
 Borgnjor's Vile Clutch   Necr/Erth      58%        N/A       0%          5
 Freezing Cloud           Conj/Ice/Air   56%        6-21      0%          5
 Irradiate                Conj/Tmut      65%        3d33      0%          5
 Iskenderun's Battlesphe  Conj           100%       2d15      0%          5
 Lightning Bolt           Conj/Air       58%        1d80      0%          5
 Iron Shot                Conj/Erth      64%        9d12      0%          6
 Apportation              Tloc           100%       N/A       1%          1
 Slow                     Hex            100%       N/A       1%          1
 Summon Small Mammal      Summ           100%       N/A       1%          1
 Call Imp                 Summ           41%        N/A       1%          2
 Poisonous Vapours        Pois/Air       100%       N/A       1%          2
 Call Canine Familiar     Summ           41%        N/A       1%          3
 Confusing Touch          Hex            60%        N/A       1%          3
 Gell's Gravitas          Tloc           56%        N/A       1%          3
 Lesser Beckoning         Tloc           56%        N/A       1%          3
 Portal Projectile        Hex/Tloc       100%       N/A       1%          3
 Spider Form              Tmut/Pois      74%        N/A       1%          3
 Summon Guardian Golem    Hex/Summ       52%        N/A       1%          3
 Teleport Other           Tloc           56%        N/A       1%          3
 Tukima's Dance           Hex            60%        N/A       1%          3
 Airstrike                Air            28%        0-9+      1%          4
 Anguish                  Hex/Necr       52%        N/A       1%          4
 Animate Armour           Summ/Erth      100%       N/A       1%          4
 Cause Fear               Hex            30%        N/A       1%          4
 Corpse Rot               Necr/Pois/Air  91%        N/A       1%          4
 Leda's Liquefaction      Hex/Erth       38%        N/A       1%          4
 Olgreb's Toxic Radiance  Pois           41%        N/A       1%          4
 Summon Ice Beast         Ice/Summ       68%        N/A       1%          4
 Alistair's Intoxication  Tmut/Pois      49%        N/A       1%          5
 Lee's Rapid Deconstruct  Erth           44%        3d22*     1%          5
 Metabolic Englaciation   Hex/Ice        37%        N/A       1%          5
 Conjure Ball Lightning   Conj/Air       58%        3x3d21    1%          6
 Death Channel            Necr           61%        N/A       1%          6
 Eringya's Noxious Bog    Tmut/Pois      37%        N/A       1%          6
 Simulacrum               Ice/Necr       58%        N/A       1%          6
 Statue Form              Tmut/Erth      61%        N/A       1%          6
 Dragon Form              Tmut           48%        N/A       1%          7
 Ozocubu's Refrigeration  Ice            43%        4d13      1%          7
 Spellforged Servitor     Conj/Summ      56%        N/A       1%          7
 Borgnjor's Revivificati  Necr           61%        N/A       1%          8
 Summon Lightning Spire   Summ/Air       50%        N/A       2%          4
 Manifold Assault         Tloc           56%        N/A       3%          5
 Summon Mana Viper        Hex/Summ       52%        N/A       5%          5
 Summon Forest            Summ/Tloc      25%        N/A       7%          5
 Storm Form               Tmut/Air       39%        N/A       8%          7
 Summon Cactus Giant      Summ           20%        N/A       61%         6
 Enfeeble                 Hex            30%        N/A       63%         7
 Maxwell's Capacitive Co  Air            28%        ∞         91%         8
 Malign Gateway           Summ/Tloc      25%        N/A       93%         7
 Summon Hydra             Summ           20%        N/A       99%         7
 Discord                  Hex            30%        N/A       100%        8
 Disjunction              Tloc           28%        N/A       100%        8
 Death's Door             Necr           61%        N/A       30%         9
 Dragon's Call            Summ           20%        N/A       100%        9


Dungeon Overview and Level Annotations

Branches:
Dungeon (15/15)            Temple (1/1) D:6            Lair (5/5) D:8
 Shoals (4/4) Lair:2       Spider (4/4) Lair:2        Slime (5/5) Lair:4
    Orc (2/2) D:11            Elf (3/3) Orc:2        Vaults (5/5) D:14
  Crypt (3/3) Vaults:2       Tomb (3/3) Crypt:3      Depths (4/4) D:15
   Hell (visited)             Dis (0/7) Hell            Geh (0/7) Hell
    Coc (0/7) Hell            Tar (4/7) Hell            Zot (5/5) Depths:4
 Bailey (visited)         Gauntlet (visited)

Altars:
Ashenzari
Cheibriados
Dithmenos
Elyvilon
Fedhas
Gozag
Hepliaklqana
Kikubaaqudgha
Makhleb
Nemelex Xobeh
Okawaru
Qazlal
Ru
Sif Muna
Trog
Uskayaw
Vehumet
Wu Jian
Xom
Yredelemnul
Zin
The Shining One
Jiyva
Lugonu

Shops:
D:4 *   D:7 [   D:9 (   D:13 (=   Orc:2 :==!![   Elf:2 (=   Shoals:3 (
Shoals:4 =(?

Portals:
Hell: Depths:1 Depths:2 Depths:3 Depths:4
Abyss: Depths:1 Depths:2 Depths:3
Pandemonium: Depths:2

Annotations:
D:8 2 transporters
Spider:3 exclusion: downstairs
Slime:1 exclusion: downstairs
Slime:4 exclusion: downstairs
Elf:2 6 runed translucent doors
Vaults:4 exclusion: 2 downstairs
Depths:2 exclusion: downstairs
Depths:3 exclusion: downstairs


Innate Abilities, Weirdness & Mutations

You are an undead lich.
Your unarmed attacks are suffused with negative energy.
You are immune to unholy pain and torment.
Your necromantic spells are more powerful.
You cannot drink.
You are immune to poison.
You are too large for most types of armour.
You have tough skin. (AC +1)
You possess an exceptional clarity of mind.
You are clumsy. (Dex -2)
Your body sometimes deteriorates upon taking damage.
You passively map a small area around you.
You frequently scream uncontrollably at your foes.
Your spells are a little easier to cast, but a little less powerful.


Message History

You see here a Young Poisoner's Handbook.
Casting: Fire Storm (mildly dangerous; 1% risk of failure)
Confirm with . or Enter, or press ? or * to list all spells.
Aiming: Fire Storm (mildly dangerous; 1% risk of failure)
Press: ? - help, Dir - move target
Okay, then.
The Hell Sentinel gestures at you.
The sphere of damnation explodes!
The damnation engulfs you!!!
* * * LOW HITPOINT WARNING * * *
Your body deteriorates!
You feel dopey.
Your fire vortex closely misses something.
There is a gate leading back out of this place here.
You see here a +1 arbalest of freezing.
Are you sure you want to leave this ziggurat?
Your attacks no longer feel as feeble.
Something hits the reaper.
Something burns the reaper!
Your fire vortex hits the lorocyproca.
Your fire vortex burns the lorocyproca!
The lorocyproca resists.
Your fire vortex dissipates!
Requc gestures at you. The bolt of acid hits you!! You resist.
* * * LOW HITPOINT WARNING * * *
The acid corrodes you! The Hell Sentinel gestures at you.
The sphere of damnation explodes!
The damnation engulfs you!!
* * * LOW HITPOINT WARNING * * *
The damnation engulfs the Hell Sentinel.
The Hell Sentinel completely resists.
The lorocyproca is engulfed in blazing flames.
Something barely misses the crimson imp.
Requc blinks!
Welcome back to the Depths!
There is an empty arch of ancient stone here.
You cannot drink potions in your current state!
You open the lid... ...and a mature weirdfire beast leaps out!
The box is emptied!
The Hell Sentinel gestures at you.
The sphere of damnation explodes!
The damnation engulfs you!!!
You die...

....#..##...####
...('.##......#
..#.###..#....#
###).....#...#########
#.<....###...........#
.....###.##..........#
#...##....##.........#
....#.....#......1...#
...##...........L....#
...#####.............#
.### #......#...H....#
^# ##....###........#
## #.....# ##########
##...### #.....#
#.....# #######


You could see a Hell Sentinel (black mark, ally target) and a friendly mature
weirdfire beast (summoned).

Vanquished Creatures
  Cerebov (Pan)
  Dissolution (Slime:2)
  the Royal Jelly (Slime:5)
  Gloorx Vloq (Pan)
  Lom Lobon (Pan)
  Mnoleg (Pan)
  6 dread liches
  9 pandemonium lords
  2 ancient liches
  9 orbs of fire
  3 juggernauts
  Mennas (Pan)
  34 royal mummies
  Frederick (Depths:4)
  Vv (Crypt:3)
  11 Killer Klowns
  Saint Roka (Depths:2)
  Xtahua (Vaults:5)
  2 curse toes (Zot:5)
  4 caustic shrikes
  10 golden dragons
  The ghost of Rakupo Megg the Devastator, a veteran GrEE of Lugonu (Crypt:2)
  A bone dragon (Abyss:4)
  the Enchantress (Depths:3)
  Nikola (Shoals:2)
  Jory (Depths:4)
  2 pearl dragons (Zig:18)
  A shard shrike zombie (Abyss:4)
  2 electric golems (Zot:5)
  27 Tzitzimimeh
  11 Brimstone Fiends
  25 tentacled monstrosities
  11 liches
  3 hellephants
  A walking crystal tome (Depths:3)
  11 Ice Fiends
  3 walking earthen tomes
  4 Hell Sentinels
  Zenata (Crypt:2)
  24 Orb Guardians (Zot:5)
  Jorgrun (D:12)
  4 deep elf blademasters
  Mlioglotl (Spider:1)
  10 titans
  A deep elf master archer (Elf:3)
  2 walking frostbound tomes (Depths:3)
  9 quicksilver dragons
  Murray (Hell)
  7 ancient champions
  20 acid blobs
  A kraken (Shoals:2)
  13 death cobs
  8 sphinxes
  Frances (Spider:1)
  43 Executioners
  13 storm dragons
  6 tentacled starspawn
  9 shadow dragons
  9 azure jellies
  15 draconian monks
  8 tengu reavers
  Roxanne (D:15)
  16 rockslimes
  2 fenstrider witches (shapeshifter)
  An azure jelly (shapeshifter) (Zig:12)
  27 demonspawn warmongers
  10 fire giants
  15 draconian knights
  A fire giant (shapeshifter) (Zig:12)
  9 revenants
  A frost giant (shapeshifter) (Zig:12)
  11 daevas
  11 frost giants
  19 vault wardens
  2 emperor scorpions
  55 balrugs
  3 iron dragons
  The ghost of Notaij the Fencer, a journeyman DrEE of Sif Muna (D:15)
  5 angels (Zig:18)
  28 cacodemons
  3 deep elf sorcerers (Elf:3)
  11 draconian scorchers
  A deep elf elementalist (Elf:3)
  4 orc warlords
  13 draconian shifters
  A juggernaut zombie (Depths:3)
  7 curse skulls
  8 draconian stormcallers
  24 reapers
  10 ghouls
  15 ghost moths
  23 ironbound preservers
  11 demonspawn corrupters
  2 caustic shrike skeletons
  Aizul (Spider:1)
  19 draconian annihilators
  2 caustic shrike zombies
  4 war gargoyles
  54 very ugly things
  11 quicksilver oozes
  15 demonspawn blood saints
  3 spriggan defenders (Depths:3)
  11 stone giants
  3 broodmothers
  8 apis (Zig:18)
  2 juggernaut skeletons
  2 deep elf demonologists
  An ophan (Zig:18)
  The ghost of Sabo the Severer, a journeyman HOFi of Okawaru (Orc:2)
  19 green draconians
  29 demonspawn black suns
  12 vampire knights
  11 deep elf annihilators
  20 black draconians
  6 bennus
  26 dire elephants
  27 lorocyprocas
  The ghost of purpskrrrp the Destroyer, a journeyman GnCj of Vehumet (D:12)
  11 yellow draconians
  A putrid mouth (Hell)
  Snorg (Orc:1)
  7 entropy weavers
  4 spark wasps
  2 minotaurs
  19 red draconians
  15 purple draconians
  15 white draconians
  3 eidola
  3 iron golems
  10 deep elf death magi
  29 blizzard demons
  10 jiangshi
  8 ettins
  9 merfolk javelineers
  A crystal guardian (Vaults:4)
  8 merfolk impalers
  25 green deaths
  Josephine (D:11)
  An elf zombie (Hell)
  A quicksilver dragon zombie (Crypt:1)
  25 mummy priests
  7 fire dragons
  An elf skeleton (Tomb:1)
  A spectral golden dragon (Tar:1)
  10 spriggan air magi
  14 yaktaur captains
  A kraken zombie (Hell)
  A fenstrider witch zombie (Crypt:3)
  8 hell beasts
  9 boulder beetles
  2 peacekeepers
  6 great orbs of eyes
  3 spriggan zombies
  The ghost of Esaaleno the Frost Mage, a journeyman NaIE of Cheibriados (Lair:2)
  4 deep elf high priests
  11 ice dragons
  13 rakshasas
  10 hydras
  46 vault guards
  A radroach (Spider:1)
  4 jorogumos (Spider:4)
  5 ogre magi
  A catoblepas (shapeshifter) (Zig:12)
  17 centaur warriors
  9 ironbound frosthearts
  6 spriggan skeletons
  4 death knights
  3 satyrs
  2 Orb Guardian zombies (Crypt:2)
  3 alligator snapping turtles
  3 merfolk avatars
  14 dancing weapons
  14 two-headed ogres
  The ghost of MisterPants the Summoner, a journeyman FeSu of Gozag (Lair:4)
  A naga warrior (Abyss:3)
  50 death scarabs
  9 merfolk aquamancers
  5 deep troll shamans
  6 deep troll earth magi
  6 tengu warriors
  15 death yaks
  A thrashing horror (Abyss:3)
  Urug (Lair:4)
  12 hell hogs
  A titan zombie (Crypt:1)
  10 vampire magi
  Nergalle (D:11)
  4 spriggan berserkers
  33 hell knights
  A storm dragon zombie (Depths:3)
  71 soul eaters
  2 titan skeletons
  3 shock serpents (Pan)
  193 sun demons
  6 wretched stars
  10 deep elf knights
  10 skeletal warriors
  Amaemon (D:11)
  A death drake (shapeshifter) (Zig:12)
  37 sixfirhies
  2 fire crabs (Lair:1)
  7 iron trolls
  3 sun moths (Spider:4)
  15 shadow wraiths
  10 sea snakes
  3 pharaoh ants
  Lodul (D:12)
  2 spatial maelstroms (Abyss:3)
  9 cherubim (Zig:18)
  An anaconda zombie (Hell)
  9 deep elf archers
  6 glowing orange brains
  34 shadow demons
  65 deep trolls
  11 wizards
  2 bog bodies (Crypt:2)
  2 spriggan druids
  9 orb spiders
  8 flayed ghosts (Crypt:3)
  7 steelbarb worms
  Pikel (D:9)
  2 obsidian statues (Zig:3)
  15 ironbound convokers
  26 phantasmal warriors
  22 starcursed masses
  An anaconda skeleton (Pan)
  61 harpies
  4 bunyip skeletons
  19 deep elf pyromancers
  2 lindwurms
  14 orc knights
  4 orange crystal statues
  3 oklob plants
  13 necromancers
  27 deep elf zephyrmancers
  A shadow dragon skeleton (Pan)
  An iron dragon zombie (Crypt:3)
  2 orc sorcerers
  20 wolf spiders
  A wolf spider (shapeshifter) (Vaults:5)
  A faun (shapeshifter) (Zig:12)
  58 ugly things
  A fire giant zombie (Vaults:2)
  A sphinx skeleton (Depths:3)
  18 fauns
  A will-o-the-wisp (Abyss:1)
  6 cyclopes
  4 worldbinders
  2 salamanders
  14 vault sentinels
  20 manticores
  9 shining eyes
  A frost giant skeleton (Depths:3)
  35 moths of wrath
  11 fire giant skeletons (Crypt:3)
  11 rust devils
  10 black mambas
  12 water nymphs
  22 elephants
  A dire elephant skeleton (Crypt:3)
  3 centaur zombies
  An ice statue (Hell)
  5 molten gargoyles (Hell)
  3 stone giant skeletons
  2 guardian serpents
  4 eyes of devastation
  11 merfolk sirens
  2 dire elephant zombies
  4 torpor snails
  10 gargoyles
  6 apocalypse crabs
  108 smoke demons
  26 cane toads
  3 unseen horrors
  23 demonic crawlers
  59 orange demons
  A yaktaur zombie (Vaults:3)
  16 komodo dragons
  A centaur skeleton (Tomb:2)
  A cane toad (shapeshifter) (Vaults:5)
  16 tormentors
  19 hellions
  10 rime drakes
  3 kobold demonologists (D:9)
  3 sea snake zombies (Hell)
  7 tengu conjurers
  13 ice devils
  5 freezing wraiths
  33 hellwings
  35 efreet
  33 yaktaurs
  A spectral harpy (Tar:3)
  11 ancient zymes
  43 guardian mummies
  4 meliai
  3 harpy zombies
  11 trolls
  45 merfolk
  14 red devils
  2 hydra zombies (Hell)
  33 tarantellas
  14 polar bears
  Grinder (D:6)
  11 hornets
  A fire dragon zombie (Tomb:1)
  A hydra skeleton (Hell)
  9 raiju
  8 snapping turtles
  Prince Ribbit (D:9)
  A radroach zombie (Crypt:1)
  2 ettin zombies (Crypt:1)
  8 wind drakes
  14 blink frogs
  96 slime creatures
  19 dream sheep
  A dream sheep (shapeshifter) (D:15)
  6 harpy skeletons
  A black mamba zombie (Crypt:1)
  3 centaur simulacra (Gauntlet)
  22 flying skulls
  15 jumping spiders
  29 culicivoras
  20 spriggans
  2 shadows
  25 water elementals
  A wyvern (shapeshifter) (Abyss:1)
  80 ynoxinuls
  2 air elementals
  An ice dragon skeleton (Tomb:2)
  5 vampires
  A yak (shapeshifter) (D:14)
  A basilisk (shapeshifter) (Elf:3)
  122 large abominations
  2 spriggans (shapeshifter)
  2 black mamba skeletons (Pan)
  Eustachio (D:6)
  7 fire dragon skeletons
  21 golden eyes
  6 wyverns
  2 fire elementals
  23 yaks
  16 ushabtiu
  4 basilisks
  3 fire bats (Lair:1)
  2 ettin skeletons
  23 wraiths
  An alligator snapping turtle simulacrum (Crypt:1)
  62 chaos spawn
  Grum (D:9)
  40 redbacks
  A sea snake simulacrum (Hell)
  4 steam dragons
  7 vampire mosquitoes
  39 neqoxecs
  3 spatial vortices (Abyss:3)
  3 harpy simulacra
  2 wargs
  A hydra simulacrum (Hell)
  A naga (Abyss:3)
  Duvessa (D:6)
  6 hell hounds
  A naga skeleton (Pan)
  25 water moccasins
  2 demonspawn skeletons
  A floating eye (shapeshifter) (Zig:12)
  6 ice beasts
  2 sky beasts
  7 black bears
  37 ogres
  23 orc warriors
  A black mamba simulacrum (Lair:2)
  11 centaurs
  27 wolves
  A snapping turtle skeleton (Crypt:2)
  2 swamp dragon skeletons
  A boggart (shapeshifter) (Vaults:5)
  7 boggarts
  A phantom (D:4)
  3 lemures (D:9)
  A draconian zombie (Crypt:2)
  12 bullfrogs
  5 kobold brigands
  7 necrophages
  5 scorpions
  A wight (Crypt:3)
  A cane toad simulacrum (Lair:2)
  5 earth elementals
  20 small abominations
  A hornet simulacrum (Gauntlet)
  Dowan (D:6)
  A blink frog simulacrum (Lair:2)
  14 killer bees
  A dream sheep simulacrum (Lair:2)
  A queen bee zombie (Crypt:1)
  6 vampire bats (Bailey)
  4 wolf zombies (Bailey)
  A polar bear skeleton (Crypt:1)
  A rime drake simulacrum (Lair:2)
  5 howler monkeys
  8 crimson imps (Pan)
  2 quasits
  3 hounds
  3 jellies
  Crazy Yiuf (D:4)
  20 orc priests
  3 water moccasin simulacra (Lair:2)
  An iguana (D:4)
  19 orc wizards
  4 lightning spires (Zig:17)
  9 hell rats
  A boggart simulacrum (Gauntlet)
  46 mummies
  A howler monkey skeleton (Crypt:1)
  7 adders
  3 ufetubi
  4 worms
  3 dart slugs
  89 orcs
  7 ball pythons
  5 bats
  4 endoplasms
  9 giant cockroaches
  8 goblins
  4 hobgoblins
  6 quokkas
  6 frilled lizards
  A giant cockroach zombie (Crypt:1)
  27 kobolds
  16 orc zombies (Bailey)
  A quokka skeleton (Crypt:1)
  7 rats
  A rat zombie (Crypt:1)
  2 bushes
  A demonic plant (Pan)
  7 fire vortices
  6 foxfires
  3 fulminant prisms
  2 lurking horrors
  4 starspawn tentacles
  4 tentacles
4719 creatures vanquished.

Vanquished Creatures (collateral kills)
  2 royal mummies
  2 pandemonium lords (Pan)
  A caustic shrike (Zig:16)
  Geryon (Hell)
  Arachne (Spider:3)
  A Tzitzimitl (Zig:20)
  An Orb Guardian (Zot:5)
  2 Ice Fiends
  Asterion (Spider:1)
  A titan (Pan)
  An ancient champion (Tomb:3)
  2 acid blobs (Slime:5)
  2 sphinxes (Tomb:1)
  A tengu reaver (Depths:3)
  A shadow dragon (Vaults:5)
  A storm dragon (Zot:1)
  A demonspawn warmonger (Pan)
  A draconian knight (Zot:3)
  A cacodemon (Pan)
  A draconian shifter (Zig:15)
  A ghost moth (Pan)
  A demonspawn blood saint (Zig:20)
  An ironbound preserver (Vaults:5)
  A demonspawn corrupter (Pan)
  A draconian stormcaller (Zig:15)
  A starcursed mass (Abyss:3)
  An ophan (Zig:18)
  A stone giant (Depths:3)
  A draconian annihilator (Zig:15)
  A reaper (Pan)
  A spriggan defender (Depths:3)
  A very ugly thing (Depths:4)
  2 green draconians (Zig:19)
  3 demonspawn black suns (Pan)
  A lorocyproca (Pan)
  2 black draconians
  A red draconian (Zig:15)
  2 purple draconians
  A yellow draconian (Zig:14)
  2 white draconians
  A green death (Pan)
  2 deep elf death magi (Elf:3)
  A mummy priest (Tomb:2)
  A hell beast (Pan)
  A great orb of eyes (Slime:4)
  A vault guard (Vaults:4)
  A hydra (Zig:16)
  A catoblepas (Zig:16)
  2 death scarabs
  An iron troll (Depths:4)
  A wretched star (Abyss:3)
  A shadow wraith (Hell)
  3 sixfirhies
  A shadow demon (Pan)
  An ugly thing (Depths:4)
  A smoke demon (Pan)
  An orange demon (Pan)
  A cane toad (Lair:2)
  An anaconda simulacrum (Hell)
  2 guardian mummies (Tomb:3)
  2 large abominations (Pan)
  4 slime creatures
  An ettin skeleton (Pan)
  A centaur simulacrum (Crypt:1)
  A wyvern (Zig:16)
  A golden eye (Abyss:3)
  3 chaos spawn (Pan)
  3 neqoxecs (Pan)
  A spatial vortex (Abyss:3)
  A harpy simulacrum (Crypt:1)
  An ettin simulacrum (Abyss:1)
  3 hell rats (Hell)
  8 mummies
  8 foxfires
114 creatures vanquished.

Vanquished Creatures (others)
  A war gargoyle (Vaults:5)
  A death scarab (Tomb:2)
  5 dream sheep (D:6)
  A hell rat (Hell)
  An orc (D:6)
  3 demonic plants (Pan)
  1268 fire vortices
  2026 foxfires
  106 fulminant prisms
  117 fungi
  228 plants
  5 starspawn tentacles
  5 tentacles
  36 withered plants (Crypt:3)
3803 creatures vanquished.

Grand Total: 8636 creatures vanquished

Notes
Turn   | Place    | Note
-------+----------+-------------------------------------------
     0 | D:1      | ragingrage the Ogre Fire Elementalist began the quest for
                  | the Orb.
     0 | D:1      | Reached XP level 1. HP: 16/16 MP: 3/3
   243 | D:1      | Reached skill level 1 in Conjurations
   531 | D:1      | Found a faded altar of an unknown god.
  1063 | D:1      | Reached XP level 2. HP: 24/24 MP: 2/5
  1872 | D:2      | Reached XP level 3. HP: 31/31 MP: 1/7
  1875 | D:2      | Learned a level 2 spell: Scorch
  1878 | D:2      | Learned a level 2 spell: Searing Ray
  2577 | D:2      | Reached XP level 4. HP: 39/39 MP: 4/8
  3750 | D:3      | Gained mutation: You have a pair of small horns on your
                  | head. [potion of mutation]
  3763 | D:3      | Reached XP level 5. HP: 45/45 MP: 3/10
  4131 | D:3      | Learned a level 3 spell: Conjure Flame
  4610 | D:4      | Found Zin's Purification Station.
  4611 | D:4      | Found a glowing silver altar of Zin.
  4678 | D:4      | Found a snail-covered altar of Cheibriados.
  4678 | D:4      | Found a blossoming altar of Fedhas.
  4716 | D:4      | Reached XP level 6. HP: 53/53 MP: 2/11
  4718 | D:4      | Found an opulent altar of Gozag.
  4796 | D:4      | Found a glowing golden altar of the Shining One.
  5132 | D:4      | Found a shimmering blue altar of Sif Muna.
  5132 | D:4      | Found an ancient bone altar of Kikubaaqudgha.
  5196 | D:4      | Noticed a water moccasin
  5201 | D:4      | Killed a water moccasin
  5202 | D:4      | Reached XP level 7. HP: 59/59 MP: 4/13
  5215 | D:4      | Reached skill level 5 in Fire Magic
  5379 | D:4      | Found a runed translucent door.
  5380 | D:4      | Noticed Crazy Yiuf
  5715 | D:4      | Killed Crazy Yiuf
  5771 | D:5      | Entered Level 5 of the Dungeon
  6196 | D:5      | Reached skill level 5 in Conjurations
  6313 | D:5      | Reached XP level 8. HP: 67/67 MP: 11/15
  6372 | D:5      | Reached skill level 5 in Spellcasting
  6656 | D:5      | Identified a scroll of acquirement
  6656 | D:5      | Acquired the ring "Qolaobem" {rPois rC++ Will- Int+6}
  6823 | D:6      | Found an iron altar of Okawaru.
  7102 | D:6      | Noticed Grinder
  7105 | D:6      | Killed Grinder
  7106 | D:6      | Noticed Dowan
  7107 | D:6      | Noticed Duvessa
  7230 | D:6      | Reached XP level 9. HP: 69/74 MP: 4/17
  7341 | D:6      | Found a basalt altar of Yredelemnul.
  7359 | D:6      | Found a staircase to the Ecumenical Temple.
  7373 | D:6      | Killed Duvessa
  7378 | D:6      | Killed Dowan
  7582 | D:6      | Found a shimmering altar of Xom.
  7960 | D:6      | Noticed Eustachio
  7967 | D:6      | Killed Eustachio
  8081 | Temple   | Entered the Ecumenical Temple
  8129 | Temple   | Became a worshipper of Vehumet
  8171 | D:6      | Found a broken altar of Ashenzari.
  8273 | D:6      | Found a shadowy altar of Dithmenos.
  8605 | D:7      | Reached skill level 1 in Fighting
  8837 | D:7      | Found a hazy altar of Hepliaklqana.
  9202 | D:7      | Reached * piety under Vehumet
  9202 | D:7      | Offered knowledge of Sandblast by Vehumet.
  9311 | D:7      | Found Vajoxt's Armour Shoppe.
  9464 | D:7      | Reached XP level 10. HP: 70/89 MP: 13/20
  9686 | D:8      | Found a flagged portal.
  9693 | Bailey   | Entered a bailey
 10082 | Bailey   | Identified the +0 ring mail of Mumblety Peg {rElec rPois
                  | rN+ Dex-3}
 10190 | Bailey   | Noticed a gargoyle
 10211 | Bailey   | Killed a gargoyle
 10688 | Bailey   | Identified the +4 flail "Takat" {vorpal, Will+ Int+4 Dex+3}
 10974 | Bailey   | Reached ** piety under Vehumet
 10979 | Bailey   | Offered knowledge of Shock by Vehumet.
 11022 | Bailey   | Found the +3 hat of Pondering {ponderous, Will+ MP+10
                  | Int+5}
 11419 | D:8      | Found a staircase to the Lair.
 11532 | D:8      | Found a burning altar of Makhleb.
 11690 | D:8      | Learned a level 4 spell: Flame Wave
 11826 | D:8      | Offered knowledge of Mephitic Cloud by Vehumet.
 11842 | D:8      | Reached skill level 5 in Fighting
 11847 | D:8      | Learned a level 3 spell: Mephitic Cloud
 11925 | D:8      | Found a transporter.
 12017 | D:8      | Found a transporter.
 12492 | D:8      | Found a transporter.
 12512 | D:8      | Found a transporter.
 12554 | D:9      | Found Bogeubux's Antique Weapon Shoppe.
 12578 | D:9      | Reached *** piety under Vehumet
 12722 | D:9      | Reached XP level 11. HP: 102/102 MP: 23/23
 12776 | D:9      | Reached skill level 10 in Fire Magic
 13004 | D:9      | Noticed Grum
 13084 | D:9      | Killed Grum
 13176 | D:9      | Found a bloodstained altar of Trog.
 13253 | D:9      | Offered knowledge of Dazzling Flash by Vehumet.
 13401 | D:9      | Noticed Pikel
 13540 | D:9      | Killed Pikel
 13541 | D:9      | Reached skill level 10 in Conjurations
 13666 | D:9      | Noticed Prince Ribbit
 13669 | D:9      | Killed Prince Ribbit
 13699 | D:9      | Found a sparkling altar of Nemelex Xobeh.
 13967 | D:9      | Learned a level 4 spell: Fulminant Prism
 14765 | D:10     | Entered Level 10 of the Dungeon
 15437 | D:10     | Got the Incunabulum of Ignition
 15443 | D:10     | Learned a level 4 spell: Sticky Flame
 15843 | D:11     | Noticed Josephine
 15850 | D:11     | Killed Josephine
 15857 | D:11     | Reached **** piety under Vehumet
 16090 | D:11     | Reached XP level 12. HP: 118/118 MP: 24/24
 16185 | D:11     | Noticed a boulder beetle
 16200 | D:11     | Offered knowledge of Freezing Cloud by Vehumet.
 16462 | D:11     | Reached skill level 1 in Armour
 16494 | D:11     | Found a staircase to the Orcish Mines.
 17022 | D:11     | Noticed Amaemon
 17035 | D:11     | Killed Amaemon
 17157 | D:11     | Noticed Nergalle
 17290 | D:11     | Killed Nergalle
 17669 | D:11     | Killed a boulder beetle
 17877 | Lair:1   | Entered Level 1 of the Lair of Beasts
 18002 | Lair:1   | Found a transporter.
 18039 | Lair:1   | Found a gate leading to a gauntlet.
 18152 | Gauntlet | Entered a Gauntlet
 18152 | Gauntlet | Noticed a tengu warrior
 18152 | Gauntlet | Found a transporter.
 18152 | Gauntlet | Found a transporter.
 18156 | Gauntlet | Found a transporter.
 18156 | Gauntlet | Found a transporter.
 18166 | Gauntlet | Found a transporter.
 18170 | Gauntlet | Found a transporter.
 18180 | Gauntlet | Found a transporter.
 18222 | Gauntlet | Found a transporter.
 18272 | Gauntlet | Found a transporter.
 18280 | Gauntlet | Found a transporter.
 18284 | Gauntlet | Found a transporter.
 18290 | Gauntlet | Noticed a quicksilver ooze
 18298 | Gauntlet | Found a transporter.
 18298 | Gauntlet | Found the +3 pair of gauntlets of War {Slay+5}
 18303 | Gauntlet | Noticed a two-headed ogre
 18303 | Gauntlet | a swamp dragon changed into a two-headed ogre
 18368 | Gauntlet | Noticed a minotaur
 18413 | Gauntlet | Killed a tengu warrior
 18553 | Gauntlet | Identified the +1 helmet "Miasm" {*Corrode rN+ Str+6 SInv}
 18567 | Gauntlet | Noticed a satyr
 18586 | Gauntlet | Identified the ring of Suammu {rC+ Int+3 Dex+6 Stlth+}
 18605 | Gauntlet | Noticed a minotaur
 18609 | Gauntlet | Killed a minotaur
 18610 | Gauntlet | Reached XP level 13. HP: 131/131 MP: 26/26
 18675 | Lair:1   | Found a transporter.
 18742 | Lair:1   | Learned a level 6 spell: Starburst
 19279 | Lair:1   | Reached ***** piety under Vehumet
 19835 | Lair:2   | Found a runed translucent gate.
 19835 | Lair:2   | Found a runed translucent gate.
 19836 | Lair:2   | Found a runed translucent gate.
 19927 | Lair:2   | Offered knowledge of Spellforged Servitor by Vehumet.
 20286 | Lair:2   | Found a hole to the Spider Nest.
 20479 | Lair:2   | Reached skill level 10 in Fighting
 20604 | Lair:2   | Found a staircase to the Shoals.
 20790 | Lair:2   | Noticed Esaaleno's ghost (journeyman NaIE)
 20791 | Lair:2   | Noticed an ice dragon
 20953 | Lair:3   | Reached skill level 10 in Spellcasting
 20958 | Lair:3   | Learned a level 3 spell: Frozen Ramparts
 21195 | Lair:3   | Noticed a dire elephant
 21290 | Lair:3   | Killed a dire elephant
 21452 | Lair:3   | Reached XP level 14. HP: 143/143 MP: 28/28
 22908 | Lair:4   | Found a staircase to the Slime Pits.
 22939 | Lair:4   | Noticed Sonja
 22950 | Lair:4   | Noticed MisterPants's ghost (journeyman FeSu)
 22952 | Lair:4   | Found a transporter.
 22954 | Lair:4   | Noticed Sonja
 22954 | Lair:4   | Sonja changed into Sonja the worm
 22959 | Lair:4   | Killed Sonja the worm
 23109 | Lair:4   | Noticed Nessos
 23112 | Lair:4   | Noticed Nessos
 23112 | Lair:4   | Nessos changed into Nessos the merfolk
 23117 | Lair:4   | Killed Nessos the merfolk
 23331 | Lair:4   | Noticed Urug
 23347 | Lair:4   | Killed Urug
 23651 | Lair:4   | Found a viscous altar of Jiyva.
 23695 | Lair:4   | Found a transporter.
 24049 | Lair:5   | Entered Level 5 of the Lair of Beasts
 24941 | Lair:5   | Reached skill level 15 in Fire Magic
 25967 | Lair:5   | Reached skill level 15 in Conjurations
 26195 | Lair:5   | Reached XP level 15. HP: 149/149 MP: 29/29
 27051 | D:12     | Noticed Jorgrun
 27063 | D:12     | Killed Jorgrun
 27362 | D:12     | Noticed Lodul
 27372 | D:12     | Killed Lodul
 27667 | D:7      | Bought the +18 shield of the Gong {rElec rN+ Will+ EV-5}
                  | for 1459 gold pieces
 27667 | D:7      | Found the +18 shield of the Gong {rElec rN+ Will+ EV-5}
 28114 | D:12     | Found a transporter.
 28118 | D:12     | Found a bloodstained altar of Trog.
 28119 | D:12     | Noticed purpskrrrp's ghost (journeyman GnCj)
 28238 | D:12     | Found a transporter.
 28614 | D:13     | Reached skill level 1 in Shields
 28832 | D:12     | Noticed a fire giant
 28839 | D:12     | Killed a fire giant
 29096 | D:13     | Found Nafiosch's Weapon Shoppe.
 29128 | D:13     | Found Jumo Bucsu's Jewellery Emporium.
 30373 | D:14     | You fall into a shaft and drop 1 floor!
 30373 | D:15     | Entered Level 15 of the Dungeon
 30620 | D:14     | Found a gate to the Vaults.
 31195 | D:15     | Found a stormy altar of Qazlal.
 31354 | D:15     | Reached XP level 16. HP: 165/165 MP: 29/31
 31653 | D:15     | Found a staircase to the Depths.
 31680 | D:15     | Identified Roxanne's Lectures on the Boulder
 31680 | D:15     | Noticed Roxanne
 31699 | D:15     | Killed Roxanne
 32033 | D:15     | Found a runed translucent door.
 32042 | D:15     | Found a shimmering altar of Xom.
 32042 | D:15     | Noticed Notaij's ghost (journeyman DrEE)
 32210 | Orc:1    | Entered Level 1 of the Orcish Mines
 32232 | Orc:1    | Noticed Snorg
 32249 | Orc:1    | Killed Snorg
 33194 | Orc:2    | Entered Level 2 of the Orcish Mines
 33232 | Orc:2    | Offered knowledge of Iskenderun's Mystic Blast by Vehumet.
 33355 | Orc:2    | Reached skill level 1 in Hexes
 33814 | Orc:2    | Found a staircase to the Elven Halls.
 33816 | Orc:2    | Found Quxaa's Distillery.
 33822 | Orc:2    | Found Engoxtin's Distillery.
 34080 | Orc:2    | Found Miyhodyi's Antique Armour Boutique.
 34662 | Orc:2    | Found a transporter.
 34665 | Orc:2    | Noticed Sabo's ghost (journeyman HOFi)
 34688 | Orc:2    | Found a transporter.
 34776 | Orc:2    | Found Leheg's Antique Weapon Emporium.
 34777 | Orc:2    | Found Atupp's Jewellery Shop.
 34777 | Orc:2    | Found Tuim Qof's Jewellery Shoppe.
 34777 | Orc:2    | Found Xakin's Book Shop.
 35307 | Shoals:1 | Entered Level 1 of the Shoals
 35608 | Shoals:1 | Reached skill level 5 in Shields
 35672 | Shoals:1 | Learned a level 6 spell: Iron Shot
 35852 | Shoals:1 | Offered knowledge of Fireball by Vehumet.
 36231 | Shoals:2 | Noticed a kraken
 36338 | Shoals:1 | Learned a level 5 spell: Fireball
 36342 | Shoals:2 | Reached XP level 17. HP: 149/172 MP: 29/33
 36383 | Shoals:2 | Noticed Nikola
 36391 | Shoals:2 | Killed Nikola
 36503 | Shoals:2 | Killed a kraken
 36711 | Shoals:2 | Identified the +1 ring mail of Poodghuez {Will++ Int+9
                  | Slay-4}
 37346 | Shoals:3 | Offered knowledge of Conjure Ball Lightning by Vehumet.
 37902 | Shoals:3 | Found Dausilas's Weapon Shop.
 38242 | Shoals:4 | Entered Level 4 of the Shoals
 38343 | Shoals:4 | Reached skill level 1 in Evocations
 38988 | Shoals:4 | Identified the +5 dagger of Fate {pain, rElec rCorr Str+4}
 39290 | Shoals:4 | Reached XP level 18. HP: 165/184 MP: 32/34
 39589 | Shoals:4 | Found Pitoadof's Jewellery Shop.
 39766 | Shoals:4 | Found Ogheuhac's Weapon Shop.
 39804 | Shoals:4 | Found Cuja's Magic Scroll Shop.
 39814 | Shoals:4 | Bought a scroll of teleportation for 60 gold pieces
 39814 | Shoals:4 | Bought a scroll of teleportation for 60 gold pieces
 39814 | Shoals:4 | Bought a scroll of teleportation for 60 gold pieces
 39814 | Shoals:4 | Bought a scroll of amnesia for 80 gold pieces
 39913 | Shoals:4 | Got a barnacled rune of Zot
 40448 | D:7      | Bought the +1 cloak of Starlight {*Dazzle EV+4 Stlth--} for
                  | 457 gold pieces
 40448 | D:7      | Found the +1 cloak of Starlight {*Dazzle EV+4 Stlth--}
 40548 | Spider:1 | Entered Level 1 of the Spider Nest
 40716 | Lair:2   | Reached ****** piety under Vehumet
 40797 | Lair:2   | Killed Esaaleno's ghost
 41144 | Spider:1 | Offered knowledge of Ozocubu's Refrigeration by Vehumet.
 41145 | Spider:1 | Noticed Asterion
 41212 | Spider:1 | Killed Asterion
 41213 | Spider:1 | Noticed Aizul
 41360 | Spider:1 | Killed Aizul
 41362 | Spider:1 | Noticed Frances
 41363 | Spider:1 | HP: 6/185 [demonic crawler (4)]
 41663 | Elf:1    | Entered Level 1 of the Elven Halls
 42256 | Elf:1    | Got Sif Muna's Catalogue of Battle Magic
 42941 | Elf:2    | Found a radiant altar of Vehumet.
 43307 | Elf:2    | Found Cetur's Jewellery Emporium.
 43364 | Elf:2    | Found Binkue's Antique Weapon Shop.
 43475 | Elf:2    | Found a gateway to a bazaar.
 43676 | Elf:2    | Found a shimmering blue altar of Sif Muna.
 43718 | Elf:2    | Offered knowledge of Yara's Violent Unravelling by Vehumet.
 43976 | Elf:2    | Found a huge runed translucent gate.
 43976 | Elf:2    | Found a huge runed translucent gate.
 43976 | Elf:2    | Found a huge runed translucent gate.
 43976 | Elf:2    | Found a huge runed translucent gate.
 43980 | Elf:2    | Found a huge runed translucent gate.
 44059 | Elf:2    | Found a runed translucent door.
 44186 | Elf:2    | Found a hide-covered altar of Uskayaw.
 44385 | Elf:3    | Entered Level 3 of the Elven Halls
 44734 | Elf:3    | Reached XP level 19. HP: 172/191 MP: 4/35
 45148 | Elf:3    | Identified the +7 morningstar "Tiwe" {freeze, rElec rF-
                  | rCorr}
 45314 | Elf:3    | Identified the ring "Veqonaj" {rPois rC+ Stlth+}
 45439 | Elf:3    | Identified the amulet "Yppualos" {Acrobat rN+ Dex+2 SInv}
 46368 | Elf:3    | Learned a level 2 spell: Blink
 46371 | Elf:3    | Identified the +0 pair of gloves "Piezxigo" {rN+}
 46376 | Elf:3    | Got the Folio of Cursed Superposition
 46692 | Vaults:1 | Entered Level 1 of the Vaults
 47193 | Vaults:1 | Learned a level 2 spell: Sublimation of Blood
 47902 | Vaults:1 | Reached skill level 15 in Fighting
 48458 | Vaults:1 | Offered knowledge of Ignition by Vehumet.
 49074 | Vaults:1 | Reached XP level 20. HP: 213/213 MP: 35/37
 49709 | Vaults:2 | Found a staircase to the Crypt.
 50935 | Vaults:2 | Offered knowledge of Shatter by Vehumet.
 50935 | Vaults:2 | Offered knowledge of Chain Lightning by Vehumet.
 50935 | Vaults:2 | Offered knowledge of Polar Vortex by Vehumet.
 54196 | Vaults:3 | Reached XP level 21. HP: 230/230 MP: 39/39
 54694 | Vaults:3 | Learned a level 9 spell: Fire Storm
 57368 | Vaults:5 | Entered Level 5 of the Vaults
 57726 | Spider:1 | Noticed Mlioglotl
 57726 | Spider:1 | Killed Frances
 57728 | Spider:1 | Killed Mlioglotl
 59896 | Spider:3 | Identified the +8 chain mail of Cocytus {rC+ Regen+ Str-2
                  | Dex+3}
 60059 | Spider:3 | Identified the +7 falchion "Sukhliow" {venom, *Rage rElec
                  | Dex+3}
 60488 | Spider:4 | Entered Level 4 of the Spider Nest
 60786 | Spider:4 | Reached XP level 22. HP: 233/247 MP: 40/40
 60790 | Spider:4 | Noticed Arachne
 61665 | Spider:3 | Killed Arachne
 62784 | Spider:4 | Got a gossamer rune of Zot
 63584 | Depths:1 | Entered Level 1 of the Depths
 64949 | Depths:1 | Found a one-way gate to the infinite horrors of the Abyss.
 65084 | Depths:1 | Found a gateway to Hell.
 65268 | Depths:1 | Found a blossoming altar of Fedhas.
 65911 | Depths:2 | Noticed Saint Roka
 66138 | Depths:2 | Killed Saint Roka
 66234 | Depths:2 | Reached XP level 23. HP: 261/261 MP: 37/41
 66596 | Depths:2 | Found a one-way gate leading to the halls of Pandemonium.
 66971 | Depths:2 | Found a corrupted altar of Lugonu.
 67783 | Depths:3 | Noticed a caustic shrike
 67786 | Depths:3 | Noticed a juggernaut
 67791 | Depths:3 | Noticed a golden dragon
 67802 | Depths:3 | Noticed a juggernaut
 67828 | Depths:2 | Killed a juggernaut
 68104 | Depths:3 | Noticed a golden dragon
 68267 | Depths:3 | Identified the ring "Xuop" {Fly rElec}
 68452 | Depths:3 | Noticed the Enchantress
 68455 | Depths:3 | Killed the Enchantress
 68471 | Depths:3 | Identified the +12 halberd of Imbalance {vamp, rC+}
 68493 | Depths:3 | Killed a golden dragon
 68831 | Depths:2 | Killed a juggernaut
 69170 | Depths:3 | Killed a caustic shrike
 69708 | Depths:3 | Killed a golden dragon
 69927 | Depths:3 | Found a glowing silver altar of Zin.
 69928 | Depths:3 | Found a glowing golden altar of the Shining One.
 69929 | Depths:3 | Found a white marble altar of Elyvilon.
 70385 | Depths:4 | Entered Level 4 of the Depths
 70564 | Depths:4 | Identified the +8 longbow of Vanity {freeze, rN+ Str+4}
 70845 | Depths:4 | Reached XP level 24. HP: 286/286 MP: 40/41
 71104 | Depths:4 | Noticed a juggernaut
 71317 | Depths:4 | Noticed Frederick
 71320 | Depths:4 | Killed Frederick
 71321 | Depths:4 | Reached skill level 15 in Spellcasting
 71504 | Depths:4 | Killed a juggernaut
 71576 | Depths:4 | Noticed Jory
 71579 | Depths:4 | Killed Jory
 71939 | Depths:4 | Found a gate to the Realm of Zot.
 72083 | Depths:4 | Found a one-way gateway to a ziggurat.
 72542 | Slime:1  | Entered Level 1 of the Pits of Slime
 72680 | Slime:2  | Noticed Dissolution
 72685 | Slime:2  | Killed Dissolution
 73751 | Slime:4  | Reached skill level 5 in Armour
 73960 | Slime:5  | Entered Level 5 of the Pits of Slime
 75423 | Slime:5  | Noticed the Royal Jelly
 75524 | Slime:5  | Reached XP level 25. HP: 301/301 MP: 32/43
 75703 | Slime:5  | Killed the Royal Jelly
 76079 | Slime:5  | Found the +7 sceptre of Torment {pain, torment}
 76116 | Slime:5  | Got a slimy rune of Zot
 76148 | Slime:5  | Identified the ring of Rextoisk {rCorr Dex+4 Slay+4 SInv}
 76169 | Slime:5  | Identified the amulet of the Dropbear {Spirit Str+3}
 76175 | Slime:5  | Identified the +6 leather armour of Beogh's Whim {rN+
                  | Will++}
 76185 | Slime:5  | Identified the +1 falchion "Ecaonoal" {drain, MP+9}
 76191 | Slime:5  | Identified the +9 broad axe "Macuiqy" {protect, Will+ Str+9
                  | Stlth-}
 76219 | Slime:5  | Identified the +6 shadow dragon scales of Polytheism
                  | {+Blink rC++ Stlth++++}
 76254 | Slime:5  | Identified the +9 lajatang of Jasusal {drain, rF+ Int+4}
 76877 | Bazaar   | Entered a bazaar
 76913 | Bazaar   | Found Ustufiet's Armour Boutique.
 76913 | Bazaar   | Found Riokoace's Armour Shop.
 76925 | Bazaar   | Bought the +2 shield of Resistance {rF++ rC++ Will++} for
                  | 634 gold pieces
 76925 | Bazaar   | Found the +2 shield of Resistance {rF++ rC++ Will++}
 76940 | Bazaar   | Found Casom's Book Shop.
 76940 | Bazaar   | Found Javaz's Assorted Antiques.
 76946 | Bazaar   | Bought a potion of mutation for 184 gold pieces
 76946 | Bazaar   | Bought a scroll of amnesia for 92 gold pieces
 77014 | Bazaar   | Bought the Unrestrained Analects for 792 gold pieces
 77014 | Bazaar   | Bought Sif Muna's Spellbook of the Hindering Impact for 828
                  | gold pieces
 77090 | Elf:2    | Learned a level 7 spell: Orb of Destruction
 77101 | Elf:2    | Learned a level 8 spell: Ignition
 77478 | Vaults:5 | Reached skill level 27 in Fighting
 77488 | Vaults:5 | Noticed a dread lich
 77495 | Vaults:5 | Killed a dread lich
 77503 | Vaults:5 | Noticed Xtahua
 77504 | Vaults:5 | Reached skill level 10 in Armour
 77509 | Vaults:5 | Reached skill level 1 in Necromancy
 77509 | Vaults:5 | Reached skill level 1 in Translocations
 77669 | Vaults:5 | Identified the +7 war axe of the Well-Known Allies {holy,
                  | Int+6}
 78392 | Vaults:5 | Noticed a dread lich
 78395 | Vaults:5 | Killed a dread lich
 78414 | Vaults:5 | Noticed an ancient lich
 78417 | Vaults:5 | Killed an ancient lich
 78427 | Vaults:5 | Killed Xtahua
 79066 | Vaults:5 | Identified the +9 sling of Indomitability {venom, rF- Int+6
                  | SInv} (You took it off a yaktaur on level 5 of the Vaults)
 79183 | Vaults:5 | Got a silver rune of Zot
 79915 | Vaults:5 | Acquired 821 gold pieces
 80143 | Orc:2    | Killed Sabo's ghost
 80383 | Lair:1   | Reached XP level 26. HP: 305/314 MP: 37/43
 80395 | Lair:1   | Got the Incunable of the Tesseract
 80399 | Lair:1   | Identified the +2 helmet of Makhleb's Whim {-Tele Int+2
                  | Dex+2 SInv}
 80490 | Lair:4   | Killed MisterPants's ghost
 80555 | Lair:4   | Identified the +4 quarterstaff of Noon {flame, rN+}
 80846 | D:15     | Killed Notaij's ghost
 81080 | D:12     | Killed purpskrrrp's ghost
 81081 | D:12     | Reached skill level 5 in Necromancy
 81712 | Crypt:1  | Entered Level 1 of the Crypt
 81723 | Crypt:1  | Reached skill level 5 in Evocations
 82570 | Crypt:1  | Reached skill level 1 in Staves
 83150 | Crypt:2  | Noticed Zenata
 83153 | Crypt:2  | Killed Zenata
 84157 | Crypt:2  | Noticed Rakupo Megg's ghost (veteran GrEE)
 84205 | Crypt:2  | Found a runed translucent door.
 84242 | Crypt:2  | Killed Rakupo Megg's ghost
 84737 | Crypt:3  | Entered Level 3 of the Crypt
 87094 | Crypt:3  | Found a staircase to the Tomb.
 87204 | Crypt:3  | Noticed Vv
 87212 | Crypt:3  | Killed Vv
 87372 | Crypt:3  | Noticed a dread lich
 87374 | Crypt:3  | Killed a dread lich
 87442 | Crypt:3  | Noticed a dread lich
 87444 | Crypt:3  | Killed a dread lich
 87527 | Crypt:3  | Found an ancient bone altar of Kikubaaqudgha.
 87544 | Crypt:3  | Identified the +7 scimitar of Jeothrewia {drain, MP+9
                  | Int+4}
 87547 | Crypt:3  | Identified the +7 spear "Yturghy" {venom, *Noise rElec rC+
                  | Str+2}
 88453 | Hell     | Entered the Vestibule of Hell
 88454 | Hell     | Noticed Geryon
 88459 | Hell     | Killed Geryon
 88460 | Hell     | Noticed Murray
 88461 | Hell     | Reached skill level 5 in Staves
 88461 | Hell     | Reached XP level 27. HP: 303/323 MP: 41/44
 88465 | Hell     | Killed Murray
 88972 | Depths:1 | Reached skill level 10 in Necromancy
 91279 | Hell     | Found a gateway to the decaying netherworld of Tartarus.
 91366 | Hell     | Found a gateway to the freezing wastes of Cocytus.
 91420 | Hell     | Found a gateway to the Iron City of Dis.
 91548 | Hell     | Found a gateway to the ashen valley of Gehenna.
 91689 | Tar:1    | Entered Level 1 of Tartarus
 91695 | Tar:2    | You fall into a shaft and drop 1 floor!
 91700 | Tar:4    | Noticed an ancient lich
 91700 | Tar:4    | Noticed a dread lich
 91700 | Tar:4    | Noticed a dread lich
 91700 | Tar:4    | Noticed an ancient lich
 92124 | Pan      | Entered Pandemonium
 92139 | Pan      | Reached skill level 10 in Evocations
 92160 | Pan      | Noticed Wyti the pandemonium lord
 92164 | Pan      | Killed Wyti the pandemonium lord
 92165 | Pan      | Reached skill level 1 in Throwing
 92286 | Pan      | Upgraded the game from 0.29-a0-919-gd064cfad1c to
                  | 0.29-a0-923-g6e406bff71
 93180 | Pan      | Identified the ring "Wuitihav" {Int+6 Dex+3}
 93659 | Pan      | Noticed Koyd the pandemonium lord
 93661 | Pan      | Killed Koyd the pandemonium lord
 93675 | Depths:2 | Escaped Pandemonium
 94196 | Orc:2    | Bought the ring "Keomer" {rElec rPois Int+6 Dex-5 Slay+5}
                  | for 1035 gold pieces
 94472 | Shoals:4 | Bought the +6 scimitar of Nightmares {holy, rN++ Will+
                  | Str+2 Stlth+} for 1144 gold pieces
 94822 | Pan      | Entered Pandemonium
 94967 | Pan      | Gained mutation: Your muscles are strong. (Str +4, Int/Dex
                  | -1) [a cacodemon]
 95480 | Pan      | Noticed Jovuoli the pandemonium lord
 95484 | Pan      | Killed Jovuoli the pandemonium lord
 97121 | Pan      | Reached skill level 1 in Axes
 97244 | Pan      | Reached skill level 5 in Stealth
 97462 | Pan      | Identified the +5 chain mail of Voracious Contentment
                  | {rCorr}
 98289 | Pan      | Found a runed translucent door.
 98303 | Pan      | Got a demonic rune of Zot
 98412 | Pan      | Gained mutation: You are clumsy. (Dex -2) [a neqoxec]
 99030 | Pan      | Gained mutation: You occasionally lose the ability to drink
                  | potions when taking damage. [a neqoxec]
 99034 | Pan      | Lost mutation: You have a pair of small horns on your head.
                  | [potion of mutation]
 99034 | Pan      | Lost mutation: You are clumsy. (Dex -2) [potion of
                  | mutation]
 99034 | Pan      | Lost mutation: Your muscles are strong. (Str +4, Int/Dex
                  | -1) [potion of mutation]
 99034 | Pan      | Gained mutation: You have large cloven feet. [potion of
                  | mutation]
 99034 | Pan      | Gained mutation: You sometimes lose your temper in combat.
                  | [potion of mutation]
 99034 | Pan      | Gained mutation: Your body sometimes deteriorates upon
                  | taking damage. [potion of mutation]
 99035 | Pan      | Lost mutation: You sometimes lose your temper in combat.
                  | [potion of mutation]
 99035 | Pan      | Lost mutation: You have large cloven feet. [potion of
                  | mutation]
 99035 | Pan      | Gained mutation: Your muscles are strong. (Str +4, Int/Dex
                  | -1) [potion of mutation]
 99035 | Pan      | Gained mutation: You sometimes lose the ability to drink
                  | potions when taking damage. [potion of mutation]
 99035 | Pan      | Gained mutation: You are partially covered in iridescent
                  | scales. (AC +2) [potion of mutation]
 99036 | Pan      | Lost mutation: Your muscles are strong. (Str +4, Int/Dex
                  | -1) [potion of mutation]
 99036 | Pan      | Lost mutation: You sometimes lose the ability to drink
                  | potions when taking damage. [potion of mutation]
 99036 | Pan      | Lost mutation: You are partially covered in iridescent
                  | scales. (AC +2) [potion of mutation]
 99036 | Pan      | Gained mutation: You do not regenerate when monsters are
                  | visible. [potion of mutation]
 99036 | Pan      | Gained mutation: You are clumsy. (Dex -2) [potion of
                  | mutation]
 99037 | Pan      | Lost mutation: You are clumsy. (Dex -2) [potion of
                  | mutation]
 99037 | Pan      | Lost mutation: Your body sometimes deteriorates upon taking
                  | damage. [potion of mutation]
 99037 | Pan      | Gained mutation: You possess an exceptional clarity of
                  | mind. [potion of mutation]
 99037 | Pan      | Gained mutation: Your mind is acute. (Int +4, Str/Dex -1)
                  | [potion of mutation]
 99038 | Pan      | Lost mutation: Your mind is acute. (Int +4, Str/Dex -1)
                  | [potion of mutation]
 99038 | Pan      | Lost mutation: You do not regenerate when monsters are
                  | visible. [potion of mutation]
 99038 | Pan      | Lost mutation: You occasionally lose the ability to drink
                  | potions when taking damage. [potion of mutation]
 99038 | Pan      | Gained mutation: You occasionally shout uncontrollably at
                  | your foes. [potion of mutation]
 99038 | Pan      | Gained mutation: You expend magic power (3 MP) to
                  | strengthen your wands. [potion of mutation]
 99248 | Pan      | Entered the realm of Cerebov.
 99463 | Pan      | Noticed Mennas
 99465 | Pan      | Killed Mennas
100900 | Pan      | Identified the ring "Leanuuth" {Fly rPois rF+ rN+}
100918 | Pan      | Reached skill level 5 in Axes
101109 | Pan      | Identified the +4 tower shield of Yru Hoofoed {Will- Int+9
                  | SInv}
101241 | Pan      | Reached skill level 5 in Dodging
102608 | Pan      | Reached skill level 10 in Stealth
102821 | Pan      | Identified the ring of Ketileg {rN+ rCorr Dex+2 Stlth+}
103210 | Pan      | Reached skill level 1 in Earth Magic
104851 | Pan      | Reached skill level 5 in Earth Magic
106283 | Pan      | Found the +6 sword of Cerebov {flame}
106283 | Pan      | Noticed Cerebov
106297 | Pan      | Killed Cerebov
106315 | Pan      | Identified the +6 quarterstaff "Kemaami" {vamp, +Blink
                  | Will+} (You took it off a balrug in Pandemonium)
106508 | Pan      | Got a fiery rune of Zot
106724 | Pan      | Learned a level 8 spell: Necromutation
107110 | Pan      | Reached skill level 1 in Transmutations
107867 | Pan      | Reached skill level 10 in Staves
108480 | Pan      | Noticed Hihaduc the pandemonium lord
108486 | Pan      | Killed Hihaduc the pandemonium lord
109374 | Pan      | Identified the +6 sling of Ythretot {freeze, Int+4}
109388 | Pan      | Reached skill level 5 in Transmutations
110040 | Pan      | Noticed Bidimoxy the pandemonium lord
110052 | Pan      | Killed Bidimoxy the pandemonium lord
111223 | Pan      | Gained mutation: You are dopey. (Int -2) [a cacodemon]
111897 | Pan      | Entered the realm of Gloorx Vloq.
111946 | Pan      | Reached skill level 10 in Earth Magic
114176 | Pan      | Noticed Gloorx Vloq
114182 | Pan      | Killed Gloorx Vloq
114195 | Pan      | Got a dark rune of Zot
115399 | Pan      | Noticed Qirisat the pandemonium lord
115403 | Pan      | Killed Qirisat the pandemonium lord
116412 | Pan      | Reached skill level 10 in Transmutations
116552 | Pan      | Noticed Kaof the pandemonium lord
116556 | Pan      | Killed Kaof the pandemonium lord
117300 | Pan      | Reached skill level 10 in Shields
117382 | Pan      | Learned a level 3 spell: Swiftness
117541 | Pan      | Found an exit through the horrors of the Abyss.
118063 | Pan      | Reached skill level 5 in Throwing
119681 | Pan      | Reached skill level 27 in Conjurations
119708 | Pan      | Gained mutation: Your body sometimes deteriorates upon
                  | taking damage. [a cacodemon]
119708 | Pan      | Gained mutation: You are clumsy. (Dex -2) [a cacodemon]
120132 | Pan      | Found an exit through the horrors of the Abyss.
120133 | Pan      | Found a runed translucent door.
120502 | Pan      | Noticed Huoxzoph the pandemonium lord
120771 | Pan      | Killed Huoxzoph the pandemonium lord
121164 | Pan      | Entered the realm of Lom Lobon.
121464 | Pan      | Reached skill level 1 in Air Magic
121941 | Pan      | Identified the +8 flail of Brawling {venom, rC+}
122737 | Pan      | Learned a level 5 spell: Yara's Violent Unravelling
122850 | Pan      | Noticed Lom Lobon
122858 | Pan      | Killed Lom Lobon
122875 | Pan      | Got a magical rune of Zot
123054 | Pan      | Entered the realm of Mnoleg.
123396 | Pan      | Gained mutation: Your spells are a little easier to cast,
                  | but a little less powerful. [a cacodemon]
123665 | Pan      | Gained mutation: You are weak. (Str -2) [a neqoxec]
123915 | Pan      | Noticed Mnoleg
123920 | Pan      | Reached skill level 10 in Throwing
123921 | Pan      | Killed Mnoleg
123957 | Pan      | Got a glowing rune of Zot
124002 | Pan      | Gained mutation: Your spells are easier to cast, but less
                  | powerful. [a neqoxec]
124004 | Pan      | Lost mutation: You are weak. (Str -2) [potion of mutation]
124004 | Pan      | Lost mutation: Your body sometimes deteriorates upon taking
                  | damage. [potion of mutation]
124004 | Pan      | Lost mutation: You are dopey. (Int -2) [potion of mutation]
124004 | Pan      | Gained mutation: You passively map a small area around you.
                  | [potion of mutation]
124005 | Pan      | Lost mutation: You expend magic power (3 MP) to strengthen
                  | your wands. [potion of mutation]
124005 | Pan      | Lost mutation: Your spells are easier to cast, but less
                  | powerful. [potion of mutation]
124005 | Pan      | Gained mutation: Your body sometimes deteriorates upon
                  | taking damage. [potion of mutation]
124005 | Pan      | Gained mutation: You are somewhat resistant to further
                  | mutation. [potion of mutation]
124172 | Pan      | Noticed Lekontil the pandemonium lord
124396 | Pan      | Identified the +1 chain mail of Oteuseka {Harm Regen+
                  | rCorr}
124718 | Pan      | Killed Lekontil the pandemonium lord
124726 | Pan      | Found an exit through the horrors of the Abyss.
125479 | Pan      | Took an exit into the Abyss.
125479 | Abyss:1  | Escaped into the Abyss
125974 | Abyss:3  | Found a corrupted altar of Lugonu.
126001 | Abyss:3  | Noticed a dread lich
126011 | Abyss:3  | Killed a dread lich
126728 | Depths:2 | Escaped the Abyss
126981 | Depths:2 | Voluntarily entered the Abyss.
127089 | Abyss:4  | Got an abyssal rune of Zot
127187 | Depths:2 | Escaped the Abyss
127399 | Zot:1    | Entered Level 1 of the Realm of Zot
127716 | Zot:1    | Identified the +2 robe of Nemelex Xobeh's Anger {-Tele
                  | Rampage rN+ Slay+3}
128813 | Zot:2    | Identified the +8 bardiche of Calculation {vorpal, rElec
                  | rN+ Dex+2}
129765 | Zot:2    | Reached skill level 15 in Throwing
130595 | Zot:3    | Noticed an orb of fire
130909 | Zot:3    | Lost mutation: You are somewhat resistant to further
                  | mutation. [an orb of fire]
130912 | Zot:3    | Killed an orb of fire
132889 | Zot:5    | Entered Level 5 of the Realm of Zot
133287 | Zot:5    | Reached skill level 15 in Necromancy
133494 | Zot:5    | Found a snail-covered altar of Cheibriados.
134481 | Zot:5    | Noticed an orb of fire
134481 | Zot:5    | Noticed an orb of fire
134495 | Zot:5    | Killed an orb of fire
134496 | Zot:5    | Killed an orb of fire
134712 | Zot:5    | Noticed an orb of fire
134717 | Zot:5    | Killed an orb of fire
134911 | Zot:5    | Noticed an orb of fire
134918 | Zot:5    | Killed an orb of fire
135053 | Zot:5    | Noticed a dread lich
135056 | Zot:5    | Killed a dread lich
135238 | Zot:5    | Noticed an orb of fire
135239 | Zot:5    | Noticed an orb of fire
135241 | Zot:5    | Noticed an orb of fire
135248 | Zot:5    | Reached skill level 15 in Transmutations
135653 | Zot:5    | Killed an orb of fire
135970 | Zot:5    | Killed an orb of fire
136084 | Zot:5    | Noticed an orb of fire
136084 | Zot:5    | Gained mutation: You frequently scream uncontrollably at
                  | your foes. [an orb of fire]
136090 | Zot:5    | Killed an orb of fire
136505 | Zot:5    | Killed an orb of fire
137061 | Tomb:1   | Entered Level 1 of the Tomb of the Ancients
137802 | Tomb:1   | Noticed a royal mummy
137805 | Tomb:1   | Killed a royal mummy
138411 | Tomb:2   | Noticed a royal mummy
138414 | Tomb:2   | Noticed a royal mummy
138415 | Tomb:2   | Killed a royal mummy
138415 | Tomb:2   | Noticed a royal mummy
138415 | Tomb:2   | Noticed a royal mummy
138420 | Tomb:2   | Killed a royal mummy
138424 | Tomb:2   | Killed a royal mummy
138424 | Tomb:2   | Killed a royal mummy
138430 | Tomb:2   | Noticed a royal mummy
138432 | Tomb:2   | Killed a royal mummy
140355 | Tomb:1   | Noticed a royal mummy
140359 | Tomb:1   | Killed a royal mummy
140360 | Tomb:1   | Noticed a royal mummy
140363 | Tomb:1   | Killed a royal mummy
140538 | Tomb:1   | Noticed a royal mummy
140541 | Tomb:1   | Killed a royal mummy
140632 | Tomb:1   | Noticed a royal mummy
140635 | Tomb:1   | Killed a royal mummy
140652 | Tomb:1   | Noticed a royal mummy
140655 | Tomb:1   | Killed a royal mummy
140655 | Tomb:1   | Noticed a royal mummy
140663 | Tomb:1   | Killed a royal mummy
140668 | Tomb:1   | Noticed a royal mummy
140871 | Tomb:1   | Killed a royal mummy
140895 | Tomb:1   | Noticed a royal mummy
140900 | Tomb:1   | Killed a royal mummy
140979 | Tomb:1   | Noticed a royal mummy
140983 | Tomb:1   | Killed a royal mummy
140985 | Tomb:1   | Noticed a royal mummy
140989 | Tomb:1   | Killed a royal mummy
141136 | Tomb:1   | Noticed a royal mummy
141144 | Tomb:1   | Killed a royal mummy
141190 | Tomb:1   | Noticed a royal mummy
141194 | Tomb:1   | Killed a royal mummy
141414 | Tomb:1   | Noticed a royal mummy
141419 | Tomb:1   | Killed a royal mummy
141599 | Tomb:1   | Noticed a royal mummy
141607 | Tomb:1   | Killed a royal mummy
141622 | Tomb:1   | Noticed a royal mummy
141625 | Tomb:1   | Killed a royal mummy
141882 | Tomb:1   | Noticed a royal mummy
141886 | Tomb:1   | Killed a royal mummy
141887 | Tomb:1   | Noticed a royal mummy
141887 | Tomb:1   | Noticed a royal mummy
141892 | Tomb:1   | Killed a royal mummy
141892 | Tomb:1   | Killed a royal mummy
142139 | Tomb:1   | Noticed a royal mummy
142143 | Tomb:1   | Killed a royal mummy
142155 | Tomb:1   | Noticed a royal mummy
142157 | Tomb:1   | Killed a royal mummy
142159 | Tomb:1   | Killed a royal mummy
143033 | Tomb:3   | Entered Level 3 of the Tomb of the Ancients
143041 | Tomb:3   | Paralysed by a Zot trap for 2 turns
143060 | Tomb:3   | Noticed a royal mummy
143062 | Tomb:3   | Killed a royal mummy
143066 | Tomb:3   | Noticed a royal mummy
143068 | Tomb:3   | Killed a royal mummy
143069 | Tomb:3   | Noticed a royal mummy
143069 | Tomb:3   | Noticed a royal mummy
143072 | Tomb:3   | Killed a royal mummy
143072 | Tomb:3   | Noticed a royal mummy
143073 | Tomb:3   | Killed a royal mummy
143073 | Tomb:3   | Noticed a royal mummy
143075 | Tomb:3   | Killed a royal mummy
143076 | Tomb:3   | Killed a royal mummy
143080 | Tomb:3   | Noticed a royal mummy
143082 | Tomb:3   | Killed a royal mummy
143089 | Tomb:3   | Noticed a royal mummy
143092 | Tomb:3   | Killed a royal mummy
143094 | Tomb:3   | Noticed a royal mummy
143097 | Tomb:3   | Killed a royal mummy
143330 | Tomb:3   | Got a golden rune of Zot
143360 | Tomb:3   | Found the +7 mace of Variability {chain chaos}
143366 | Tomb:3   | Identified the +5 demon blade of Eternal War {pain, +Blink
                  | Str+4}
143399 | Tomb:3   | Got the Writings on Baneful Charms
143402 | Tomb:3   | Identified the +6 sling "Awozuuloz" {flame, rElec rN+ SInv}
143405 | Tomb:3   | Got Inenkex's Precepts of Geological Conflagration
143416 | Tomb:3   | Learned a level 8 spell: Lehudib's Crystal Spear
143435 | Tomb:3   | Identified the +4 rapier of Cehepy {drain, *Rage rPois rN++
                  | rCorr}
143437 | Tomb:3   | Identified the +4 falchion of Laceration {vorpal, Int+3}
144111 | Zig:1    | Entered Level 1 of a ziggurat
144111 | Zig:1    | Found the +3 robe of Clouds {*Thunder rCloud rElec}
144134 | Zig:2    | Entered Level 2 of a ziggurat
144148 | Zig:3    | Entered Level 3 of a ziggurat
144220 | Zig:4    | Entered Level 4 of a ziggurat
144238 | Zig:4    | Got the Vellum of the Impact
144249 | Zig:5    | Entered Level 5 of a ziggurat
144287 | Zig:5    | Identified the +9 flail of Plunder {holy, Will+ Int+3}
144292 | Zig:5    | Identified the +4 ring mail of Intuition {MP+9 Str+4 Dex+2}
144304 | Zig:6    | Entered Level 6 of a ziggurat
144320 | Zig:6    | Identified the ring of Ceilixto {rPois rC- rN+ Will- Dex+8}
144324 | Zig:6    | Identified the +5 robe of Gravitas {Fly rPois Regen+ Dex-4}
144327 | Zig:6    | Identified the ring of the Glimmering Pariah {Ice Stlth+}
144344 | Zig:7    | Entered Level 7 of a ziggurat
144348 | Zig:7    | Reached skill level 10 in Dodging
144350 | Zig:7    | Reached skill level 15 in Shields
144358 | Zig:7    | Identified the +6 quarterstaff "Atoe" {vorpal, rElec rC+
                  | rCorr}
144372 | Zig:8    | Entered Level 8 of a ziggurat
144380 | Zig:8    | Noticed Opinana the pandemonium lord
144385 | Zig:8    | Killed Opinana the pandemonium lord
144400 | Zig:8    | Identified the +5 ring mail "Qeoboatz" {rElec rF- Int+5
                  | SInv}
144498 | Zig:9    | Entered Level 9 of a ziggurat
144507 | Zig:9    | Noticed an ancient lich
144510 | Zig:9    | Killed an ancient lich
144531 | Zig:9    | Identified the +7 scimitar "Mearuhij" {vorpal, Fly Str+3
                  | Int+4 Dex-4}
144555 | Zig:10   | Entered Level 10 of a ziggurat
144572 | Zig:10   | Found the amulet of the Air {Inacc Air Fly rElec RMsl}
144586 | Zig:10   | Identified the +3 morningstar "Ylotykky" {vorpal, +Blink
                  | Dex+2}
144591 | Zig:10   | Reached skill level 10 in Axes
144591 | Zig:10   | Reached skill level 27 in Spellcasting
144662 | Zig:11   | Entered Level 11 of a ziggurat
144715 | Zig:11   | Identified the ring "Impun" {MP+9 Str+7}
144863 | Zig:12   | Entered Level 12 of a ziggurat
144919 | Zig:12   | Identified the +10 hand axe "Tamaxeti" {vorpal, *Noise
                  | rPois rCorr Int+6}
144921 | Zig:12   | Identified the +8 falchion of Absolution {drain, rCorr
                  | Dex+4}
145096 | Zig:13   | Entered Level 13 of a ziggurat
145126 | Zig:13   | Identified the +1 pair of boots "Cuuc" {Int+2}
145170 | Zig:13   | Learned a level 9 spell: Polar Vortex
145172 | Zig:14   | Entered Level 14 of a ziggurat
145187 | Zig:14   | Reached skill level 1 in Ice Magic
145224 | Zig:14   | Identified the +6 mace of Fate {chaos, *Corrode rPois
                  | Str+6}
145249 | Zig:15   | Entered Level 15 of a ziggurat
145274 | Zig:15   | Found the ring of the Octopus King
145281 | Zig:15   | Identified the +8 flail "Dragonbane" {venom, Will++ MP-9
                  | Str+3}
145287 | Zig:15   | Identified a ring of the Octopus King {Fly HP+2 AC+2 EV+2
                  | SH+2}
145347 | Zig:16   | Entered Level 16 of a ziggurat
145371 | Zig:16   | Reached skill level 5 in Ice Magic
145392 | Zig:16   | Identified the +2 ring mail of Voqeosos {*Slow rPois rC+
                  | SInv}
145406 | Zig:16   | Identified the amulet of Music {Acrobat *Slow +Blink rC++}
145536 | Zig:17   | Entered Level 17 of a ziggurat
145556 | Zig:17   | Noticed Runeg the pandemonium lord
145558 | Zig:17   | Reached skill level 15 in Armour
145568 | Zig:17   | Killed Runeg the pandemonium lord
145569 | Zig:17   | Reached skill level 15 in Axes
145716 | Zig:17   | Identified the +4 long sword of Due Proportion {protect,
                  | rElec Will+ Dex+3}
145721 | Zig:17   | Identified the +0 chain mail of the Will of the Gods {Harm
                  | Int-5 Slay+4}
145735 | Zig:18   | Entered Level 18 of a ziggurat
145772 | Zig:18   | Found the ring of Shadows {Umbra +Inv Stlth+}
145775 | Zig:18   | Found the +2 Maxwell's thermic engine {flame, freeze}
145822 | Zig:18   | Identified the +6 flail "Ahaiqarph" {drain, rF- rC+++ MP+9
                  | SInv}
145875 | Zig:18   | Reached skill level 10 in Ice Magic
145881 | Zig:19   | Entered Level 19 of a ziggurat
145937 | Zig:19   | Identified the +8 sling "Fitomot" {vorpal, rElec rF++ Str-2
                  | Dex-5}
145938 | Zig:19   | Identified the ring "Udi Xiof" {rElec rN+ Will+ Str+6}
145957 | Zig:19   | Identified the +7 arbalest "Tuelaun" {flame, rPois rC-
                  | rCorr MP+9}
146058 | Zig:20   | Entered Level 20 of a ziggurat
146082 | Zig:20   | Noticed Requc the pandemonium lord
146101 | Depths:4 | Killed from afar by a Hell Sentinel

Illustrated notes

Levels and vault maps discovered:
D:1:      lightli_arrival_boilingwater, layout_loops_ring,
          hellmonk_ecumenical_altar_inner_sanctum, minmay_worlds_worst_comb
D:2:      layout_basic
D:3:      minmay_bubble_buster, layout_rooms
D:4:      layout_cave_pools, tso_oasis_becter,
          mainiacjoe_overflow_small_starburst, zin_purify,
          gammafunk_temple_overflow_pools, jmf_multi_god_temple,
          uniq_crazy_yiuf_cottage
D:5:      layout_loops_ring
D:6:      layout_loops_ring, kennysheep_mini_moat, okawaru_ov_weapons_minmay,
          mainiacjoe_overflow_alcove_1, lemuel_doored_altar,
          kb_xom_exploding_sheep, minmay_temple_entry_proselytizer,
          minmay_misc_feat_secret_circle, uniq_duvessa, uniq_eustachio,
          uniq_grinder
D:7:      layout_rooms, mainiacjoe_overflow_cross_hatched, serial_shops, shop
D:8:      layout_loops_ring, mainiacjoe_overflow_24_doors,
          due_lair_maze_entry_diamond, enter_bailey_2,
          nicolae_transporter_intersection
D:9:      layout_roguey, trog_three_pillars_becter,
          nemelex_diamond_rough_becter, serial_shops, shop, kennysheep_dice,
          uniq_pikel, uniq_prince_ribbit1, uniq_grum
D:10:     layout_roguey, kennysheep_small_spiral
D:11:     layout_loops_corners, erik_orc_3, uniq_amaemon, uniq_nergalle,
          uniq_josephine
D:12:     minmay_diamond_stairs, layout_cave_pods,
          gammafunk_ghost_wrathful_warriors, glass_columns_b, dk_vineyard_3,
          nrook_guardian_serpent_ordinary, uniq_lodul, uniq_jorgrun
D:13:     layout_rooms, serial_shops, shop, kennysheep_little_box
D:14:     layout_cave_pools, erik_vaults_1, nicolae_sextant
D:15:     hangedman_depths_entry_try_elsewhere_first, layout_irregular_city,
          ebering_ghost_xom, nicolae_qazlal_eye_of_the_storm, uniq_roxanne
Temple:   nicolae_temple_ecumenical_triangle
Lair:1:   gammafunk_cloud_chamber, layout_gridlike, gauntlet_entry_generic
Lair:2:   layout_cellular_growth, elwin_shoals_entry_rooms,
          spider_nest_entry_rubble, gammafunk_ghost_icy, grunt_megastairs_4
Lair:3:   mu_elephants_graveyard, layout_loops_ring,
          nicolae_volcano_entry_s_turn, grunt_forest_stairs_basic
Lair:4:   layout_cave_pods, minmay_slime_entry_pillars, nzn_ghost_randoct,
          infiniplex_staircase_pool_2, uniq_urug, uniq_nessos, uniq_sonja
Lair:5:   minmay_lair_end_enchanted_forest, layout_regular_city
Shoals:1: layout_shoals, nicolae_shoals_water_elemental_grotto
Shoals:2: layout_shoals, uniq_nikola
Shoals:3: layout_shoals, serial_shops, shop
Shoals:4: shoals_end_simple, layout_shoals, serial_shops,
          nicolae_lakefront_shop, shop, nicolae_shop_bloodbath_and_beyond,
          nicolae_shoals_loop_pool
Spider:1: layout_spider_delve, nicolae_spider_nooks_and_crannies, uniq_frances,
          uniq_asterion, uniq_aizul, uniq_mlioglotl
Spider:2: layout_spider_delve
Spider:3: layout_spider_delve
Spider:4: johnstein_spider_rune_arachne_lair, hellmonk_deceptive_appearances
Slime:1:  layout_caves
Slime:2:  layout_caves, uniq_dissolution
Slime:3:  cheibrodos_slime_lost_civilization_2, layout_caves
Slime:4:  cheibrodos_slime_lost_civilization_3, layout_caves
Slime:5
Orc:1:    layout_caves, mines1_david, uniq_snorg
Orc:2:    st_orc_ogre_mass, layout_diamond_mine, serial_shops,
          nicolae_shop_advertising_works [nicolae_subvault_shop_adworks],
          shop_coins, nicolae_shop_trees, gammafunk_ghost_arena
Elf:1:    nicolae_elf_arrival_fired_up, layout_onion_city, minmay_elf_sorcery,
          billiards_dpeg
Elf:2:    elven_hall_of_blades_hangedman_alternative
          [nicolae_blade_entry_antechamber], layout_onion_city, serial_shops,
          bzr_entry_customers, nicolae_stop_n_shop_2, shop_statue,
          hangedman_feature_mirror, nicolae_danse_macabre
Elf:3:    minmay_elf_hall_statues, layout_rooms
Vaults:1: nicolae_vaults_network_s, hangedman_vaults_restitches, v_misc_1,
          v_misc_23, vaults_dpeg_encased_lava, v_misc_27, v_misc_12,
          hangedman_vaults_cutoff, nicolae_vaults_circle_grid_a,
          nicolae_vaults_little_squares_4, layout_vaults_ring
Vaults:2: vaults_mumra_lcd, v_misc_9, nicolae_vaults_alarming,
          ontoclasm_vaults_ring_large, ontoclasm_vaults_spin, vaults_room_pools,
          v_rooms_4, v_misc_12, v_misc_27, minmay_crypt_entry_nasty_monster,
          v_misc_22, vaults_room_stairs_pillars, ontoclasm_vaults_pinch,
          nicolae_vaults_little_squares_5, layout_vaults_omnicross
Vaults:3: hangedman_vaults_capsules, ontoclasm_vaults_claustrophobia,
          nicolae_vaults_big_ls, v_misc_18, hangedman_vaults_pinch,
          vaults_room_semicircle, nicolae_vaults_circle_grid_b,
          vaults_mumra_bighexcomb, nicolae_vaults_little_squares_6,
          nicolae_vaults_network_square, ontoclasm_vaults_ring_square, v_misc_8,
          layout_vaults_maze_bifur
Vaults:4: vaults_room_pools, ontoclasm_vaults_fault, v_alt_pattern_1,
          nicolae_vaults_meeting, grunt_vaults_swirl, vaults_room_fours,
          v_misc_5, layout_vaults_omnigrid
Vaults:5: uniq_xtahua
Crypt:1:  layout_rooms, due_unseen_surprise
Crypt:2:  layout_gridlike, hellmonk_ghost_big_iron, lemuel_elevator,
          grunt_megastairs_5, uniq_zenata
Crypt:3:  quadcrypt_mu, uniq_vv
Tomb:1
Tomb:2
Tomb:3
Depths:1: layout_forbidden_donut, abyss_entry, fedhas_altar_fruit_tree,
          grunt_hell_entry_dis_mu, grunt_tough_drop
Depths:2: nicolae_cairo_tiling_very_big, layout_basic, abyss_entry_flame_altar,
          hell_entry, rand_demon_pan_entry_9, kennysheep_cross_bottleneck,
          uniq_saint_roka
Depths:3: minmay_complete_graph, layout_gridville, lightli_too_deep,
          abyss_entry_small_statue_room, good_gods_temple_1,
          unseen_surprise_small, uniq_enchantress
Depths:4: grunt_zot_entry_bicorn, layout_twisted_cross, enter_ziggurat_a,
          roderic_roman_lattice, hell_entry, uniq_frederick, uniq_jory
Hell
Tar:1:    layout_cathedral_of_symmetry, nicolae_tar_honey_chapel
Tar:2:    layout_grid_maze, nicolae_tar_cuneiform_sun
Tar:3:    layout_cathedral_of_symmetry
Tar:4:    layout_honeycomb, nicolae_tar_liches_on_tour
Zot:1:    layout_basic, grunt_ministairs_14
Zot:2:    kennysheep_oblong_rooms, layout_cellular_growth, grunt_ministairs_12,
          lemuel_baited_zot_trap
Zot:3:    layout_gridlike
Zot:4:    layout_misc_corridors
Zot:5:    layout_basic, basic_altar

Skill      XL: |  1  2  3  4  5  6  7  8  9 10 11 12 13 14 15 16 17 18 19 20 21 22 23 24 25 26 27 |
---------------+----------------------------------------------------------------------------------+-----
Conjurations   | 1 2 3 4 5 6 7 9 10 12 13 15 16 17 18 19 20 21 22 23 24 27 | 27.0
Fire Magic     | 3 4 5 7 8 9 11 12 13 15 16 17 18 19 20 21 22 23 24 | 24.0
Spellcasting   | 3 4 5 7 8 9 10 11 12 13 14 16 17 27 | 27.0
Fighting       | 2 5 7 9 10 11 12 13 15 18 20 21 25 26 27 | 27.0
Armour         | 2 5 11 12 16 | 16.0
Shields        | 3 5 7 8 15 | 15.0
Hexes          | 3 4 |  4.0
Evocations     | 2 4 8 13 | 13.0
Necromancy     | 4 8 18 | 18.0
Translocations | 3 |  3.0
Staves         | 5 12 | 12.0
Throwing       | 16 | 16.0
Stealth        | 13 | 13.3
Axes           | 15 | 15.0
Dodging        | 10 | 10.0
Earth Magic    | 13 | 13.0
Transmutations | 16 | 16.0
Air Magic      | 3 |  3.0
Ice Magic      | 12 | 12.0

Action                   |  1- 3 |  4- 6 |  7- 9 | 10-12 | 13-15 | 16-18 | 19-21 | 22-24 | 25-27 || total
-------------------------+-------+-------+-------+-------+-------+-------+-------+-------+-------++-------
Melee: Unarmed           |    26 |       |       |       |       |       |       |       |       ||    26
       Dagger            |    32 |    17 |    23 |       |       |       |       |       |       ||    72
       Punch             |     2 |     1 |     1 |       |     2 |       |       |       |       ||     6
       Quarterstaff      |       |    10 |       |       |       |       |       |       |       ||    10
       Headbutt          |       |     2 |    10 |     8 |    26 |     6 |     5 |    12 |    77 ||   146
       Whip              |       |       |     6 |       |       |       |       |       |       ||     6
       Flail             |       |       |       |    34 |    64 |       |       |       |       ||    98
       Staff             |       |       |       |       |    11 |    15 |    22 |    37 |  1100 ||  1185
       Demon whip        |       |       |       |       |       |       |     2 |       |       ||     2
       Broad axe         |       |       |       |       |       |       |     1 |       |    17 ||    18
       Scimitar          |       |       |       |       |       |       |       |       |   196 ||   196
 Fire: Shortbow          |       |    44 |       |       |       |       |       |       |       ||    44
Throw: Javelin           |     2 |       |       |       |       |       |       |       |    20 ||    22
       Dart              |       |       |     3 |     4 |       |       |     1 |     2 |       ||    10
       Throwing net      |       |       |       |       |       |       |       |       |     1 ||     1
 Cast: Foxfire           |    87 |    82 |   163 |   241 |   289 |   336 |       |       |       ||  1198
       Scorch            |       |    16 |    65 |   272 |   250 |   104 |     2 |     2 |       ||   711
       Conjure Flame     |       |       |     1 |     9 |     1 |       |       |       |       ||    11
       Mephitic Cloud    |       |       |       |     9 |    24 |     6 |       |       |       ||    39
       Flame Wave        |       |       |       |    11 |    26 |    15 |       |       |       ||    52
       Fulminant Prism   |       |       |       |    13 |    52 |    26 |       |    12 |     6 ||   109
       Searing Ray       |       |       |       |     2 |     6 |     1 |       |       |       ||     9
       Sticky Flame      |       |       |       |     7 |    77 |    47 |    35 |    18 |    35 ||   219
       Starburst         |       |       |       |       |    31 |    15 |    29 |    68 |    45 ||   188
       Frozen Ramparts   |       |       |       |       |     3 |       |       |       |       ||     3
       Fireball          |       |       |       |       |       |   280 |   575 |   375 |   616 ||  1846
       Iron Shot         |       |       |       |       |       |    32 |    28 |    87 |   777 ||   924
       Sublimation of Bl |       |       |       |       |       |       |     1 |       |     3 ||     4
       Fire Storm        |       |       |       |       |       |       |     1 |    79 |   948 ||  1028
       Blink             |       |       |       |       |       |       |       |     1 |     2 ||     3
       Ignition          |       |       |       |       |       |       |       |       |    88 ||    88
       Orb of Destructio |       |       |       |       |       |       |       |       |   227 ||   227
       Necromutation     |       |       |       |       |       |       |       |       |    38 ||    38
       Lehudib's Crystal |       |       |       |       |       |       |       |       |     7 ||     7
       Swiftness         |       |       |       |       |       |       |       |       |     5 ||     5
       Yara's Violent Un |       |       |       |       |       |       |       |       |     2 ||     2
Evoke: Wand              |       |       |     7 |     3 |     6 |     5 |     2 |       |    18 ||    41
       Phantom mirror    |       |       |       |       |     1 |     1 |       |     1 |       ||     3
       Box of beasts     |       |       |       |       |       |       |       |     2 |     6 ||     8
       Condenser vane    |       |       |       |       |       |       |       |       |     2 ||     2
       Tin of tremorston |       |       |       |       |       |       |       |       |     1 ||     1
  Use: Potion            |       |     4 |       |     3 |     2 |     3 |     1 |       |    29 ||    42
       Scroll            |       |       |     7 |    10 |     9 |     4 |     3 |     3 |    29 ||    65
 Stab: Sleeping          |     1 |       |       |       |       |       |       |       |       ||     1
       Paralysed         |       |       |     7 |     1 |       |       |       |       |       ||     8
       Confused          |       |       |       |       |     1 |       |       |       |       ||     1
       Invisible         |       |       |       |       |       |       |       |       |    19 ||    19
       Distracted        |       |       |       |       |       |       |       |       |     5 ||     5
Armor: Robe              |    15 |    29 |    29 |    62 |       |       |       |       |       ||   135
       Skin              |       |    16 |       |       |       |       |       |       |       ||    16
       Troll leather arm |       |       |       |    25 |   153 |    62 |    27 |    20 |       ||   287
       Acid dragon scale |       |       |       |       |       |       |       |     6 |   616 ||   622
Dodge: Dodged            |    32 |    28 |    31 |   113 |   100 |    14 |    27 |    45 |   640 ||  1030
Block: Other             |       |       |       |       |    18 |       |       |       |       ||    18
       Kite shield       |       |       |       |       |   137 |   292 |   213 |   218 |  1173 ||  2033
       Reflection        |       |       |       |       |    21 |    47 |    17 |       |       ||    85

Table legend: (Time is in decaauts)
 A = Elapsed time spent in this place.
 B = Non-inter-level travel time spent in this place.
 C = Inter-level travel time spent in this place.
 D = Time resting spent in this place.
 E = Time spent auto-exploring this place.
 F = Levels seen in this place.
 G = Mean time per level.
                   A        B        C        D        E       F      G
               +--------+--------+--------+--------+--------+-----+--------+
         Total | 152559 | 137115 |  15444 |  60114 |  50749 | 109 | 1399.6 |
       Dungeon |  26303 |  21567 |   4736 |   7399 |  11116 |  15 | 1753.5 |
        Temple |     55 |     36 |     19 |      0 |     31 |   1 |   55.0 |
          Lair |  11183 |   9327 |   1856 |   3597 |   4150 |   5 | 2236.6 |
        Shoals |   5479 |   4960 |    519 |   1724 |   2493 |   4 | 1369.8 |
   Spider Nest |   6088 |   5611 |    477 |   2160 |   2776 |   4 | 1522.0 |
    Slime Pits |   4468 |   3904 |    564 |   2068 |   1337 |   5 |  893.6 |
  Orcish Mines |   3682 |   3128 |    554 |   1129 |   1433 |   2 | 1841.0 |
   Elven Halls |   5528 |   4917 |    611 |   2034 |   2099 |   3 | 1842.7 |
        Vaults |  15561 |  13473 |   2088 |   6499 |   5153 |   5 | 3112.2 |
         Crypt |   6859 |   5903 |    956 |   2035 |   2947 |   3 | 2286.3 |
          Tomb |   6141 |   5363 |    778 |   2510 |   1379 |   3 | 2047.0 |
        Depths |  11049 |   9669 |   1380 |   5404 |   2947 |   4 | 2762.2 |
          Hell |   1860 |   1653 |    207 |    749 |    667 |   1 | 1860.0 |
      Tartarus |     12 |     12 |      0 |      0 |      0 |   4 |    3.0 |
           Zot |   9525 |   8834 |    691 |   3915 |   3465 |   5 | 1905.0 |
         Abyss |   1480 |   1480 |      0 |    610 |     17 |   5 |  296.0 |
   Pandemonium |  33102 |  33102 |      0 |  16526 |   8190 |  17 | 1947.2 |
      Ziggurat |   2049 |   2049 |      0 |    862 |     25 |  20 |  102.4 |
        Bazaar |    164 |    164 |      0 |      0 |     86 |   1 |  164.0 |
        Bailey |   1465 |   1465 |      0 |    834 |    361 |   1 | 1465.0 |
      Gauntlet |    499 |    499 |      0 |     54 |     69 |   1 |  499.0 |
               +--------+--------+--------+--------+--------+-----+--------+

Top non-repeatable levels by time:
  Tomb:1: 4189 daAuts
Vaults:2: 4140 daAuts
 Crypt:3: 3861 daAuts
   Zot:5: 3718 daAuts
    D:11: 3418 daAuts
Depths:1: 3255 daAuts
Depths:2: 3193 daAuts
Vaults:1: 3135 daAuts
Vaults:3: 2976 daAuts
  Lair:4: 2881 daAuts
Depths:3: 2779 daAuts
  Lair:2: 2772 daAuts
Vaults:4: 2667 daAuts
Vaults:5: 2642 daAuts
   Orc:2: 2469 daAuts
